Workbook

Sheet Historical Cash Receipts Table
A1: Historical Cash Receipts
B3: Bonus | C3: Royalty | D3: Leasehold Payments | E3: Interest | F3: Total | G3: Monthly Average
A5: FY 80-81 | B5: 1.9810475e+08 | C5: 1.2696294e+08 | D5: 13726070 | E5: 38009.14 | F5: =+B5+C5+D5+E5 -> 3.3883176e+08 | G5: =SUM(F5/12) -> 28235980
A6: FY 81-82 | B6: 1.3111708e+08 | C6: 3.4802742e+08 | D6: 40948515 | E6: 265202.87 | F6: =+B6+C6+D6+E6 -> 5.2035822e+08 | G6: =SUM(F6/12) -> 43363185
A7: FY 82-83 | B7: 1.2507733e+08 | C7: 4.7426331e+08 | D7: 55641805 | E7: 3391727.2 | F7: =+B7+C7+D7+E7 -> 6.5837418e+08 | G7: =SUM(F7/12) -> 54864515
A8: FY 83-84 | B8: 44758460 | C8: 4.5969825e+08 | D8: 43255022 | E8: 1524255.6 | F8: =+B8+C8+D8+E8 -> 5.4923599e+08 | G8: =SUM(F8/12) -> 45769665
A9: FY 84-85 | B9: 55880090 | C9: 4.5579183e+08 | D9: 21309253 | E9: 1763378.7 | F9: =+B9+C9+D9+E9 -> 5.3474455e+08 | G9: =SUM(F9/12) -> 44562046
A10: FY 85-86 | B10: 61170201 | C10: 4.3181587e+08 | D10: 21511753 | E10: 1113370.7 | F10: =+B10+C10+D10+E10 -> 5.156112e+08 | G10: =SUM(F10/12) -> 42967600
A11: FY 86-87 | B11: 25942570 | C11: 3.5487909e+08 | D11: 17665672 | E11: 1606831.6 | F11: =+B11+C11+D11+E11 -> 4.0009417e+08 | G11: =SUM(F11/12) -> 33341181
A12: FY 87-88 | B12: 12353802 | C12: 2.7125791e+08 | D12: 8929752.7 | E12: 11979478 | F12: =+B12+C12+D12+E12 -> 3.0452094e+08 | G12: =SUM(F12/12) -> 25376745
A13: FY 88-89 | B13: 28745161 | C13: 2.390461e+08 | D13: 5812014 | E13: 843904.24 | F13: =+B13+C13+D13+E13 -> 2.7444718e+08 | G13: =SUM(F13/12) -> 22870598
A14: FY 89-90 | B14: 14566153 | C14: 2.0672006e+08 | D14: 9269143 | E14: 3222195.2 | F14: =+B14+C14+D14+E14 -> 2.3377755e+08 | G14: =SUM(F14/12) -> 19481462
A15: FY 90-91 | B15: 11165526 | C15: 2.5374652e+08 | D15: 9211891.1 | E15: 5203730.4 | F15: =+B15+C15+D15+E15 -> 2.7932767e+08 | G15: =SUM(F15/12) -> 23277306
A16: FY 91-92 | B16: 6434396.9 | C16: 2.0990105e+08 | D16: 7311704.3 | E16: 3921210.6 | F16: =+B16+C16+D16+E16 -> 2.2756837e+08 | G16: =SUM(F16/12) -> 18964030
... A32: FY 07-08 | B32: 61175021 | C32: 6.9303489e+08 | D32: 29820735 | E32: 2322080.7 | F32: =+B32+C32+D32+E32 -> 7.8635273e+08 | G32: =SUM(F32/12) -> 65529394
A33: FY 08-09 | B33: 143182978 | C33: 6.8440548e+08 | D33: 21853067 | E33: 1581618 | F33: =SUM(B33:E33) -> 8.5102315e+08 | G33: =SUM(F33/12) -> 70918596
A34: FY 09-10 | B34: 29151741 | C34: 420718802 | D34: 26049542 | E34: 3612904 | F34: =SUM(B34:E34) -> 4.7953299e+08 | G34: =SUM(F34/12) -> 39961082
A35: FY 10-11 | B35: 30293007 | C35: 501602312 | D35: 22735393 | E35: 3725864 | F35: =SUM(B35:E35) -> 5.5835658e+08 | G35: =F35/12 -> 46529715
A36: FY 11-12 | B36: 28328115 | C36: 598011946 | D36: 16850804 | E36: 2921848 | F36: =SUM(B36:E36) -> 6.4611271e+08 | G36: =F36/12 -> 53842726
A37: FY 12-13 | B37: 17365615 | C37: 5.3580179e+08 | D37: 17837246 | E37: 3539485 | F37: =SUM(B37:E37) -> 5.7454413e+08 | G37: =F37/12 -> 47878678
A38: FY 13-14 | B38: 17298584 | C38: 5.6069061e+08 | D38: 14367830 | E38: 2272946 | F38: =SUM(B38:E38) -> 5.9462997e+08 | G38: =F38/12 -> 49552498
A39: FY 14-15 | B39: 7647344 | C39: 4.3291545e+08 | D39: 14535052 | E39: 575241 | F39: =SUM(B39:E39) -> 4.5567309e+08 | G39: =F39/12 -> 37972757
A40: FY 15-16 | B40: 2052042 | C40: 2.1097942e+08 | D40: 4105912.1 | E40: 982259 | F40: =SUM(B40:E40) -> 2.1811964e+08 | G40: =F40/12 -> 18176636
A41: FY 16-17 | B41: 1354743 | C41: 2.0520415e+08 | D41: 2664306.1 | E41: 1407837 | F41: =SUM(B41:E41) -> 2.1063104e+08 | G41: =F41/12 -> 17552587
A42: FY 17-18 | B42: 4204596 | C42: 1.9563576e+08 | D42: 1510549.1 | E42: 653161.81 | F42: =SUM(B42:E42) -> 2.0200407e+08 | G42: =F42/12 -> 16833672
A43: FY 18-19 | B43: 13580147 | C43: 2.2004471e+08 | D43: 1394617.3 | E43: 442926 | F43: =SUM(B43:E43) -> 2.354624e+08 | G43: =F43/12 -> 19621867
A44: FY 19-20 | B44: 2385673 | C44: 1.5862554e+08 | D44: 4347517.4 | E44: 1165853 | F44: =SUM(B44:E44) -> 1.6652458e+08 | G44: =F44/12 -> 13877048
A45: FY 20-21 | B45: 4431541 | C45: 1.0452931e+08 | D45: 3649698.8 | E45: 611828 | F45: =SUM(B45:E45) -> 1.1322238e+08 | G45: =F45/12 -> 9435198.1
A46: FY 21-22 | B46: 9248410 | C46: 1.9098206e+08 | D46: 5358171.6 | E46: 3437361 | F46: =SUM(B46:E46) -> 2.09026e+08 | G46: =F46/12 -> 17418833
A47: FY 22-23 Projected | B47: =(10484769/10)*12 -> 12581723 | C47: =(256284549.4/10)*12 -> 3.0754146e+08 | D47: =(1572608.97/10)*12 -> 1887130.8 | E47: =(1745043/10)*12 -> 2094051.6 | F47: =SUM(B47:E47) -> 3.2410436e+08 | G47: =F47/12 -> 27008697
B50: =SUM(B5:B49) -> 1.5534165e+09 | C50: =SUM(C5:C49) -> 1.4930631e+10 | D50: =SUM(D5:D49) -> 6.7835179e+08 | E50: =SUM(E5:E49) -> 1.9104184e+08 | F50: =SUM(F5:F49) -> 1.7353441e+10
A52: % of Total | B52: =B50/F50 -> 0.089516339 | C52: =C50/F50 -> 0.86038445 | D52: =D50/F50 -> 0.039090333 | E52: =E50/F50 -> 0.011008874

Sheet Historical Oil Production
A1: Historical Oil Production
B3: Barrels
A5: FY 82-83 | B5: 8781026.1
A6: FY 83-84 | B6: 8558474.4
A7: FY 84-85 | B7: 8730682
A8: FY 85-86 | B8: 8824976.2
A9: FY 86-87 | B9: 8377005.6
A10: FY 87-88 | B10: 7882985.1
A11: FY 88-89 | B11: 7423374.4
A12: FY 89-90 | B12: 6925936.6
A13: FY 90-91 | B13: 7131084.3
A14: FY 91-92 | B14: 7112144
A15: FY 92-93 | B15: 6782359.2
A16: FY 93-94 | B16: 6621211.6
... A28: FY 05-06 | B28: 2766634.7
A29: FY 06-07 | B29: =SUM('Disposition Month'!G60:G71) -> 4291643.9
A30: FY 07-08 | B30: =SUM('Disposition Month'!G72:G83) -> 4657678.4
A31: FY 08-09 | B31: =SUM('Disposition Month'!G84:G95) -> 3948092.4
A32: FY 09-10 | B32: =SUM('Disposition Month'!G96:G107) -> 3997797.6
A33: FY 10-11 | B33: =SUM('Disposition Month'!G108:G119) -> 3909954.2
A34: FY 11-12 | B34: =SUM('Disposition Month'!G120:G131) -> 3971829.1
A35: FY 12-13 | B35: =SUM('Disposition Month'!G132:G143) -> 3936345.8
A36: FY 13-14 | B36: =SUM('Disposition Month'!G144:G155) -> 3901947
A37: FY 14-15 | B37: =SUM('Disposition Month'!G156:G167) -> 3683982
A38: FY 15-16 | B38: =SUM('Disposition Month'!G168:G179) -> 3217265.7
A39: FY 16-17 | B39: =SUM('Disposition Month'!G180:G191) -> 2707846.1
A40: FY 17-18 | B40: =SUM('Disposition Month'!G192:G203) -> 2451229.6
A41: FY 18-19 | B41: =SUM('Disposition Month'!G204:G215) -> 2503024.1
A42: FY 19-20 | B42: =SUM('Disposition Month'!G216:G227) -> 2203128.3
A43: FY 20-21 | B43: =SUM('Disposition Month'!G228:G239) -> 1610387.5
A44: FY 21-22 | B44: =SUM('Disposition Month'!G240:G251) -> 1503158
A45: FY 22-23 Projected | B45: =(SUM('Disposition Month'!G252:G258)/7)*12 -> 1710063.3
B47: =SUM(B5:B46) -> 2.1516433e+08
A49: % of Total | B49: =B45/B47 -> 0.0079477083

Sheet Historical Gas Production
A1: Historical Gas Production
B3: MCF's
A5: FY 82-83 | B5: 94125368
A6: FY 83-84 | B6: 89454160
A7: FY 84-85 | B7: 84301670
A8: FY 85-86 | B8: 79934040
A9: FY 86-87 | B9: 78234139
A10: FY 87-88 | B10: 73532729
A11: FY 88-89 | B11: 67566288
A12: FY 89-90 | B12: 68771995
A13: FY 90-91 | B13: 63785078
A14: FY 91-92 | B14: 59265715
A15: FY 92-93 | B15: 59631387
A16: FY 93-94 | B16: 55353141
... A28: FY 05-06 | B28: 33179715
A29: FY 06-07 | B29: =SUM('Disposition Month'!G296:G307) -> 43470928
A30: FY 07-08 | B30: =SUM('Disposition Month'!G308:G319) -> 44928254
A31: FY 08-09 | B31: =SUM('Disposition Month'!G320:G331) -> 42165658
A32: FY 09-10 | B32: =SUM('Disposition Month'!G332:G343) -> 38444907
A33: FY 10-11 | B33: =SUM('Disposition Month'!G344:G355) -> 40420637
A34: FY 11-12 | B34: =SUM('Disposition Month'!G356:G367) -> 42700741
A35: FY 12-13 | B35: =SUM('Disposition Month'!G368:G379) -> 45282940
A36: FY 13-14 | B36: =SUM('Disposition Month'!G380:G391) -> 41097430
A37: FY 14-15 | B37: =SUM('Disposition Month'!G392:G403) -> 38310631
A38: FY 15-16 | B38: =SUM('Disposition Month'!G404:G415) -> 31746959
A39: FY 16-17 | B39: =SUM('Disposition Month'!G416:G427) -> 25124732
A40: FY 17-18 | B40: =SUM('Disposition Month'!G428:G439) -> 20887699
A41: FY 18-19 | B41: =SUM('Disposition Month'!G434:G445) -> 20624872
A42: FY 19-20 | B42: =SUM('Disposition Month'!G452:G463) -> 23614576
A43: FY 20-21 | B43: =SUM('Disposition Month'!G464:G475) -> 22308550
A44: FY 21-22 | B44: =SUM('Disposition Month'!G476:G487) -> 31399697
A45: FY 22-23 Projected | B45: =(SUM('Disposition Month'!G488:G494)/7)*12 -> 34537171
B47: =SUM(B5:B46) -> 2.0990128e+09
A49: % of Total | B49: =B45/B47 -> 0.016454007

Sheet Royalty Table
A1: Royalty Collections by Disposition Month
A4: Disposition Month | B4: Oil | C4: Gas | D4: Plant Products | E4: Total
A5: 44562 | B5: 9008524.2 | C5: 7501311.7 | D5: 609753.64 | E5: =SUM(B5:D5) -> 17119590
A6: 44593 | B6: 9183346.1 | C6: 8433379.4 | D6: 585055.65 | E6: =SUM(B6:D6) -> 18201781
A7: 44621 | B7: 12643933 | C7: 8222084.5 | D7: 918089.57 | E7: =SUM(B7:D7) -> 21784107
A8: 44652 | B8: 13500149 | C8: 10243940 | D8: 738342.19 | E8: =SUM(B8:D8) -> 24482431
A9: 44682 | B9: 14491566 | C9: 13651014 | D9: 726892.76 | E9: =SUM(B9:D9) -> 28869472
A10: 44713 | B10: 14512148 | C10: 15716558 | D10: 705567.35 | E10: =SUM(B10:D10) -> 30934273
A11: 44743 | B11: 13280084 | C11: 12435842 | D11: 623347.73 | E11: =SUM(B11:D11) -> 26339273
A12: 44774 | B12: 11807457 | C12: 14432161 | D12: 495786.41 | E12: =SUM(B12:D12) -> 26735405
A13: 44805 | B13: 10017922 | C13: 15309289 | D13: 460925.4 | E13: =SUM(B13:D13) -> 25788137
A14: 44835 | B14: 11758616 | C14: 11232368 | D14: 365660.79 | E14: =SUM(B14:D14) -> 23356645
A15: 44866 | B15: 10679349 | C15: 9407579.1 | D15: 335077.34 | E15: =SUM(B15:D15) -> 20422005
A16: 44896 | B16: 9425891.2 | C16: 10937689 | D16: 227857.89 | E16: =SUM(B16:D16) -> 20591438
A17: 44927 | B17: 9007442.9 | C17: 6480760.5 | D17: 266622.01 | E17: =SUM(B17:D17) -> 15754825
A18: Total | B18: =SUM(B5:B17) -> 1.4931643e+08 | C18: =SUM(C5:C17) -> 1.4400398e+08 | D18: =SUM(D5:D17) -> 7058978.7 | E18: =SUM(E5:E17) -> 3.0037938e+08
A20: % of Total | B20: =B18/$E$18 -> 0.4970928 | C20: =C18/$E$18 -> 0.47940699 | D20: =D18/$E$18 -> 0.02350021

Sheet Oil Volume Table
A1: Oil Volume by Disposition Month
A4: Disposition Month | B4: Barrels | D4: Disposition Month | E4: Barrels | G4: Disposition Month | H4: Barrels
A5: 37987 | B5: 439528.96 | D5: 40544 | E5: 289933.8 | G5: January 2018 | H5: 193288.07
A6: 38018 | B6: 352554.18 | D6: 40575 | E6: 300448.12 | G6: February 2018 | H6: 184618.69
A7: 38047 | B7: 388250.31 | D7: 40603 | E7: 350333.93 | G7: March 2018 | H7: 209936.45
A8: 38078 | B8: 371664.95 | D8: 40634 | E8: 324508.42 | G8: April 2018 | H8: 198536.06
A9: 38108 | B9: 376944.42 | D9: 40664 | E9: 325166.87 | G9: May 2018 | H9: 213489.78
A10: 38139 | B10: 364373.39 | D10: 40695 | E10: 313539.41 | G10: June 2018 | H10: 204276.39
A11: 38169 | B11: 373376.37 | D11: 40725 | E11: 317672.23 | G11: July 2018 | H11: 211596.19
A12: 38200 | B12: 374957.05 | D12: 40756 | E12: 344112.03 | G12: August 2018 | H12: 213971.55
A13: 38231 | B13: 252648.35 | D13: 40787 | E13: 297685.97 | G13: September 2018 | H13: 202712.54
A14: 38261 | B14: 294836.09 | D14: 40817 | E14: 346547.7 | G14: October 2018 | H14: 219731.03
A15: 38292 | B15: 306161.9 | D15: 40848 | E15: 339844.17 | G15: November 2018 | H15: 206233.24
A16: 38322 | B16: 325615.35 | D16: 40878 | E16: 351073.06 | G16: December 2018 | H16: 218649.99
... A26: 38626 | B26: 114538.45 | D26: 41183 | E26: 344344.08 | G26: October 2019 | H26: 203194.13
A27: 38657 | B27: 180921.9 | D27: 41214 | E27: 335227.4 | G27: 43770 | H27: 208068.03
A28: 38687 | B28: 197290.88 | D28: 41244 | E28: 352771.3 | G28: 43800 | H28: 204008.01
A29: 38718 | B29: 230553.14 | D29: 41275 | E29: 345022.84 | G29: 43831 | H29: 200716.74
A30: 38749 | B30: 221290.46 | D30: 41306 | E30: 311610.63 | G30: 43862 | H30: 180633.86
A31: 38777 | B31: 249233.35 | D31: 41334 | E31: 344201.78 | G31: 43891 | H31: 185906.07
A32: 38808 | B32: 283338.5 | D32: 41365 | E32: 328382.32 | G32: 43922 | H32: 157272.58
A33: 38838 | B33: 275598.76 | D33: 41395 | E33: 345619.08 | G33: 43952 | H33: 94223.931
A34: 38869 | B34: 300558.28 | D34: 41426 | E34: 337212.73 | G34: 43983 | H34: 175335.38
A35: 38899 | B35: 317273.17 | D35: 41456 | E35: 327400.15 | G35: 44013 | H35: 127142.51
A36: 38930 | B36: 336148.3 | D36: 41487 | E36: 357765.66 | G36: 44044 | H36: 129025.45
A37: 38961 | B37: 309714.8 | D37: 41518 | E37: 343390.46 | G37: 44075 | H37: 124303.33
A38: 38991 | B38: 358167.35 | D38: 41548 | E38: 328246.63 | G38: 44105 | H38: 115543.12
... A65: 39814 | B65: 335999.29 | D65: 42370 | E65: 238686.02 | G65: 44927 | H65: 136640.83
A66: 39845 | B66: 298096.23 | D66: 42401 | E66: 262215.23
A67: 39873 | B67: 343406.4 | D67: 42430 | E67: 277382.42
A68: 39904 | B68: 340943.82 | D68: 42461 | E68: 276079.36
A69: 39934 | B69: 346131.21 | D69: 42491 | E69: 267453.41
A70: 39965 | B70: 338470.93 | D70: 42522 | E70: 257808.68
A71: 39995 | B71: 337663.91 | D71: 42552 | E71: 255964.61
A72: 40026 | B72: 337300.83 | D72: 42583 | E72: 252356.73
A73: 40057 | B73: 347860.55 | D73: 42614 | E73: 238974.73
A74: 40087 | B74: 368418.33 | D74: 42644 | E74: 247490.85
A75: 40118 | B75: 319930.81 | D75: 42675 | E75: 208619.14
A76: 40148 | B76: 380201.66 | D76: 42705 | E76: 198985.11
A77: 40179 | B77: 306331.07 | D77: 42736 | E77: 228848.55
... A88: 40513 | B88: 326418.77 | D88: 43070 | E88: 207281.66

Sheet Gas Volume Table
A1: Gas Volume by Disposition Month
A4: Disposition Month | B4: MCF | D4: Disposition Month | E4: MCF | G4: Disposition Month | H4: MCF
A5: 37987 | B5: 4116851.7 | D5: 40544 | E5: 3457243.1 | G5: 43101 | H5: 1758610.7
A6: 38018 | B6: 3751396.4 | D6: 40575 | E6: 3223437.2 | G6: 43132 | H6: 1626096.3
A7: 38047 | B7: 3712684.7 | D7: 40603 | E7: 3762696.9 | G7: 43160 | H7: 1746944.9
A8: 38078 | B8: 4034822.5 | D8: 40634 | E8: 3672049.1 | G8: 43191 | H8: 1629049.7
A9: 38108 | B9: 3916088.3 | D9: 40664 | E9: 3481557.1 | G9: 43221 | H9: 1613532.5
A10: 38139 | B10: 3969900 | D10: 40695 | E10: 3352562.5 | G10: 43252 | H10: 1656576.3
A11: 38169 | B11: 4113654.6 | D11: 40725 | E11: 3517719.5 | G11: July 2018 | H11: 1772589.4
A12: 38200 | B12: 4039039.5 | D12: 40756 | E12: 3653274.2 | G12: August 2018 | H12: 1709126
A13: 38231 | B13: 3203047 | D13: 40787 | E13: 3283584.1 | G13: September 2018 | H13: 1687060.9
A14: 38261 | B14: 3557609.2 | D14: 40817 | E14: 3631482.1 | G14: October 2018 | H14: 1811674.1
A15: 38292 | B15: 3549434.2 | D15: 40848 | E15: 3589808.3 | G15: November 2018 | H15: 1782418.8
A16: 38322 | B16: 3331205.5 | D16: 40878 | E16: 3704364.9 | G16: December 2018 | H16: 1831192.1
A17: 38353 | B17: 3572292.8 | D17: 40909 | E17: 3617113.5 | G17: January 2019 | H17: 1870155.6
A18: 38384 | B18: 3179408.9 | D18: 40940 | E18: 3359105.7 | G18: February 2019 | H18: 1763422.7
A19: 38412 | B19: 3524675.4 | D19: 40969 | E19: 3628030.2 | G19: March 2019 | H19: 1983026.9
A20: 38443 | B20: 3373990 | D20: 41000 | E20: 3557143.2 | G20: April 2019 | H20: 1825057.5
A21: 38473 | B21: 3512440.5 | D21: 41030 | E21: 3600786.7 | G21: May 2019 | H21: 1868608.1
A22: 38504 | B22: 3396830.2 | D22: 41061 | E22: 3558328.4 | G22: June 2019 | H22: 1727743.4
... A26: 38626 | B26: 1403319.1 | D26: 41183 | E26: 3830897.5 | G26: October 2019 | H26: 2103776.4
A27: 38657 | B27: 2238950.7 | D27: 41214 | E27: 4019006.1 | G27: 43770 | H27: 2033840.1
A28: 38687 | B28: 2696395 | D28: 41244 | E28: 4127804.5 | G28: 43800 | H28: 2125499.2
A29: 38718 | B29: 2903605.5 | D29: 41275 | E29: 4105230.1 | G29: 43831 | H29: 2103275.3
A30: 38749 | B30: 2893564.1 | D30: 41306 | E30: 3532687.5 | G30: 43862 | H30: 1985643.3
A31: 38777 | B31: 3195937.9 | D31: 41334 | E31: 4020816.8 | G31: 43891 | H31: 2070357.6
A32: 38808 | B32: 3179013.9 | D32: 41365 | E32: 3533424.9 | G32: 43922 | H32: 1869720
A33: 38838 | B33: 3441908.5 | D33: 41395 | E33: 4076019.2 | G33: 43952 | H33: 1688187
A34: 38869 | B34: 3675130 | D34: 41426 | E34: 3595453 | G34: 43983 | H34: 1559977.8
A35: 38899 | B35: 3681560.9 | D35: 41456 | E35: 3744606.3 | G35: 44013 | H35: 1631381.9
A36: 38930 | B36: 3612949.8 | D36: 41487 | E36: 3614393.4 | G36: 44044 | H36: 1249053.9
A37: 38961 | B37: 3543892.1 | D37: 41518 | E37: 3679296.9 | G37: 44075 | H37: 1321842.9
A38: 38991 | B38: 3570670.7 | D38: 41548 | E38: 3365870.6 | G38: 44105 | H38: 1345844.8
... A65: 39814 | B65: 3438444.2 | D65: 42370 | E65: 2595659 | G65: 44927 | H65: 1764152.9
A66: 39845 | B66: 3579269.6 | D66: 42401 | E66: 2404903.1
A67: 39873 | B67: 3520944.6 | D67: 42430 | E67: 2501164.1
A68: 39904 | B68: 3511917 | D68: 42461 | E68: 2354097
A69: 39934 | B69: 3769963.6 | D69: 42491 | E69: 2513416.4
A70: 39965 | B70: 3351008.7 | D70: 42522 | E70: 2393687
A71: 39995 | B71: 4357713.7 | D71: 42552 | E71: 2423122.7
A72: 40026 | B72: 3418958.6 | D72: 42583 | E72: 2295514
A73: 40057 | B73: 3143287.6 | D73: 42614 | E73: 2239326.9
A74: 40087 | B74: 3296087.8 | D74: 42644 | E74: 2197609.6
A75: 40118 | B75: 3062273.5 | D75: 42675 | E75: 2124859.4
A76: 40148 | B76: 3246835.2 | D76: 42705 | E76: 2128786.5
A77: 40179 | B77: 3115838.5 | D77: 42736 | E77: 2104279.6
... A88: 40513 | B88: 3457136.5 | D88: 43070 | E88: 1742706.2

Sheet Lease Sale Table
A1: Department of Natural Resources
A2: Office of Mineral Resources
A3: Lease Sale Statistics
A4: For Calendar Years 2006, 2007, 2008, 2009, 2010, 2011, 2012, 2013, 2014, 2015, 2016, 2017, 2018, 2019, 2020, 2021, 2022 and 2023
B6: Month | C6: No. of Tracts Nominated | D6: No. of Acres Nominated | E6: No. of Tracts with Bids | F6: % of Nominated Tracts with Bids | G6: No. of Leases | H6: No. of Acres Leased | I6: Total Bonuses | J6: Price Per Acre | L6: Month | M6: No. of Tracts Nominated | N6: No. of Acres Nominated | O6: No. of Tracts with Bids | P6: % of Nominated Tracts with Bids | Q6: No. of Leases | R6: No. of Acres Leased | S6: Total Bonuses | T6: Price Per Acre | V6: Month | W6: No. of Tracts Nominated | X6: No. of Acres Nominated | Y6: No. of Tracts with Bids | Z6: % of Nominated Tracts with Bids | AA6: No. of Leases | AB6: No. of Acres Leased | AC6: Total Bonuses | AD6: Price Per Acre
B7: 37987 | C7: 80 | D7: 102312.99 | E7: 24 | F7: =E7/C7 -> 0.3 | G7: 21 | H7: 4054.333 | I7: 1209755.9 | J7: =I7/H7 -> 298.38594
B8: 38018 | C8: =189-C7 -> 109 | D8: 132831.11 | E8: 36 | F8: =E8/C8 -> 0.33027523 | G8: 33 | H8: 13638.395 | I8: 4170405.5 | J8: =I8/H8 -> 305.78418
B9: 38047 | C9: =273-189 -> 84 | D9: 126328.26 | E9: 35 | F9: =E9/C9 -> 0.41666667 | G9: 37 | H9: 13838.581 | I9: 2773809.6 | J9: =I9/H9 -> 200.44032
B10: 38078 | C10: =294-273 -> 21 | D10: 27689.52 | E10: 9 | F10: =E10/C10 -> 0.42857143 | G10: 9 | H10: 2540.44 | I10: 686310.01 | J10: =I10/H10 -> 270.15399
B11: 38108 | C11: =366-294 -> 72 | D11: 96587.86 | E11: 28 | F11: =E11/C11 -> 0.38888889 | G11: 31 | H11: 14771.108 | I11: 3741030.8 | J11: =I11/H11 -> 253.26677
B12: 38139 | C12: =467-366 -> 101 | D12: 124977.28 | E12: 25 | F12: =E12/C12 -> 0.24752475 | G12: 24 | H12: 5544.19 | I12: 1942833.5 | J12: =I12/H12 -> 350.42694
B13: 38169 | C13: =578-467 -> 111 | D13: 140323.89 | E13: 31 | F13: =E13/C13 -> 0.27927928 | G13: 32 | H13: 5817.56 | I13: 2044652.4 | J13: =I13/H13 -> 351.46219
B14: 38200 | C14: =628-578 -> 50 | D14: 43044.913 | E14: 26 | F14: =E14/C14 -> 0.52 | G14: 27 | H14: 6881.453 | I14: 1989653.5 | J14: =I14/H14 -> 289.13276
B15: 38231 | C15: =778-628 -> 150 | D15: 225055.04 | E15: 43 | F15: =E15/C15 -> 0.28666667 | G15: 48 | H15: 10518.291 | I15: 3193258.7 | J15: =I15/H15 -> 303.59102
B16: 38261 | C16: =914-778 -> 136 | D16: 199371.38 | E16: 56 | F16: =E16/C16 -> 0.41176471 | G16: 75 | H16: 16777.064 | I16: 8518107.6 | J16: =I16/H16 -> 507.72338
B17: 38292 | C17: =988-914 -> 74 | D17: 81727.593 | E17: 30 | F17: =E17/C17 -> 0.40540541 | G17: 33 | H17: 8058.373 | I17: 1842154.7 | J17: =I17/H17 -> 228.60132
B18: 38322 | C18: 72 | D18: 47855.304 | E18: 30 | F18: =E18/C18 -> 0.41666667 | G18: 32 | H18: 3481.174 | I18: 952899.45 | J18: =I18/H18 -> 273.72934
B19: 38353 | C19: =640-593 -> 47 | D19: 28880.06 | E19: =47-(401-377) -> 23 | F19: =E19/C19 -> 0.4893617 | G19: 24 | H19: 3472.91 | I19: 1118950.3 | J19: =I19/H19 -> 322.19386
B20: 38384 | C20: =186-47 -> 139 | D20: 155224.53 | E20: 50 | F20: =E20/C20 -> 0.35971223 | G20: 54 | H20: 15760.712 | I20: =5701671.68 -> 5701671.7 | J20: =I20/H20 -> 361.76485
B21: 38412 | C21: =250-C20-C19 -> 64 | D21: 68473.92 | E21: 17 | F21: =E21/C21 -> 0.265625 | G21: 18 | H21: 9143.27 | I21: 2990636 | J21: =I21/H21 -> 327.08604
B22: 38443 | C22: =296-250 -> 46 | D22: 50416.84 | E22: 26 | F22: =E22/C22 -> 0.56521739 | G22: 30 | H22: 9349.02 | I22: 3480941.1 | J22: =I22/H22 -> 372.33219
B23: 38473 | C23: 95 | D23: 115385.35 | E23: 43 | F23: =E23/C23 -> 0.45263158 | G23: 47 | H23: 10719.221 | I23: 5311157.8 | J23: =I23/H23 -> 495.47983
B24: 38504 | C24: 94 | D24: 123785.14 | E24: 42 | F24: =E24/C24 -> 0.44680851 | G24: 42 | H24: 8891.85 | I24: 2703889.3 | J24: =I24/H24 -> 304.08625
B25: 38534 | C25: 148 | D25: 152777.69 | E25: =256-204 -> 52 | F25: =E25/C25 -> 0.35135135 | G25: 52 | H25: 12760.26 | I25: 4650705.1 | J25: =I25/H25 -> 364.46789
B26: 38565 | C26: 112 | D26: 165294.17 | E26: =292-253 -> 39 | F26: =E26/C26 -> 0.34821429 | G26: 40 | H26: 5431.63 | I26: 1836091.9 | J26: =I26/H26 -> 338.03699
B27: 38596 | C27: 110 | D27: 125382.28 | E27: =334-292 -> 42 | F27: =E27/C27 -> 0.38181818 | G27: 42 | H27: 17996.14 | I27: 5604577.6 | J27: =I27/H27 -> 311.43221
B28: 38626 | C28: 36 | D28: 19207.59 | E28: =365-334 -> 31 | F28: =E28/C28 -> 0.86111111 | G28: 31 | H28: 5577.8 | I28: 1324037 | J28: =I28/H28 -> 237.37621
B29: 38657 | C29: 58 | D29: 50384.311 | E29: =58-(560-526) -> 24 | F29: =E29/C29 -> 0.4137931 | G29: 24 | H29: 4484.061 | I29: 1612996.9 | J29: =I29/H29 -> 359.71789
B30: 38687 | C30: 75 | D30: 88898.39 | E30: 28 | F30: =E30/C30 -> 0.37333333 | G30: 33 | H30: 8547.41 | I30: 4024433.6 | J30: =I30/H30 -> 470.83662
B31: 39083 | C31: 44 | D31: 43615.048 | E31: 23 | F31: =E31/C31 -> 0.52272727 | G31: 22 | H31: 8504.439 | I31: 4569069.4 | J31: =I31/H31 -> 537.257 | L31: 41640 | M31: 58 | N31: 76542.25 | O31: 20 | P31: =O31/M31 -> 0.34482759 | Q31: 21 | R31: 2332.27 | S31: 816900.26 | T31: =S31/R31 -> 350.25973 | V31: 44197 | W31: 8 | X31: 3563.8 | Y31: 4 | Z31: =Y31/W31 -> 0.5 | AA31: 3 | AB31: 421.686 | AC31: 452324.7 | AD31: =AC31/AB31 -> 1072.6576
B32: 39114 | C32: 61 | D32: 68927.865 | E32: 36 | F32: =E32/C32 -> 0.59016393 | G32: 39 | H32: 10701.885 | I32: 11078923 | J32: =I32/H32 -> 1035.231 | L32: 41671 | M32: 44 | N32: 63234.475 | O32: 17 | P32: =O32/M32 -> 0.38636364 | Q32: 20 | R32: 3010.545 | S32: 1106094.4 | T32: =S32/R32 -> 367.4067 | V32: 44228 | W32: 5 | X32: 163.502 | Y32: 4 | Z32: =Y32/W32 -> 0.8 | AA32: 4 | AB32: 144.502 | AC32: 214921.17 | AD32: =AC32/AB32 -> 1487.3232
B33: 39142 | C33: 37 | D33: 55261.795 | E33: 19 | F33: =E33/C33 -> 0.51351351 | G33: 23 | H33: 5996.295 | I33: 2567201.3 | J33: =I33/H33 -> 428.13126 | L33: 41699 | M33: 40 | N33: 57073.247 | O33: 13 | P33: =O33/M33 -> 0.325 | Q33: 9 | R33: 2513.417 | S33: 769753.95 | T33: =S33/R33 -> 306.25795 | V33: 44256 | W33: 5 | X33: 953.83 | Y33: 3 | Z33: =Y33/W33 -> 0.6 | AA33: 3 | AB33: 68.388 | AC33: 92402 | AD33: =AC33/AB33 -> 1351.1435
B34: 39173 | C34: 58 | D34: 60473.27 | E34: 22 | F34: =E34/C34 -> 0.37931034 | G34: 24 | H34: 10087.12 | I34: 3250525.9 | J34: =I34/H34 -> 322.24519 | L34: 41730 | M34: 44 | N34: 29698.25 | O34: 33 | P34: =O34/M34 -> 0.75 | Q34: 32 | R34: 3851.83 | S34: 1871963.6 | T34: =S34/R34 -> 485.9933 | V34: 44287 | W34: 17 | X34: 21888.083 | Y34: 8 | Z34: =Y34/W34 -> 0.47058824 | AA34: 8 | AB34: 2541.859 | AC34: 1660256.1 | AD34: =AC34/AB34 -> 653.16609
B35: 39203 | C35: 77 | D35: 67181.82 | E35: 40 | F35: =E35/C35 -> 0.51948052 | G35: 44 | H35: 6303.81 | I35: 4844311.6 | J35: =I35/H35 -> 768.47361 | L35: 41760 | M35: 51 | N35: 31101.126 | O35: 21 | P35: =O35/M35 -> 0.41176471 | Q35: 12 | R35: 1817.69 | S35: 580974.12 | T35: =S35/R35 -> 319.62222 | V35: 44317 | W35: 6 | X35: 1887.8 | Y35: 3 | Z35: =Y35/W35 -> 0.5 | AA35: 3 | AB35: 351.8 | AC35: 278950 | AD35: =AC35/AB35 -> 792.92211
B36: 39234 | C36: 99 | D36: 159363.2 | E36: 31 | F36: =E36/C36 -> 0.31313131 | G36: 31 | H36: 8098.128 | I36: 4008594.4 | J36: =I36/H36 -> 495.0026 | L36: 41791 | M36: 45 | N36: 51466.26 | O36: 10 | P36: =O36/M36 -> 0.22222222 | Q36: 10 | R36: 3479.169 | S36: 1138394.1 | T36: =S36/R36 -> 327.20288 | V36: 44348 | W36: 11 | X36: 59897.759 | Y36: 5 | Z36: =Y36/W36 -> 0.45454545 | AA36: 5 | AB36: 967.789 | AC36: 728314.5 | AD36: =AC36/AB36 -> 752.55505
B37: 39264 | C37: 90 | D37: 87101.8 | E37: 25 | F37: =E37/C37 -> 0.27777778 | G37: 27 | H37: 8524.27 | I37: 2529957.4 | J37: =I37/H37 -> 296.79461 | L37: 41821 | M37: 39 | N37: 62867.24 | O37: 14 | P37: =O37/M37 -> 0.35897436 | Q37: 15 | R37: 7561.4 | S37: 1512670.9 | T37: =S37/R37 -> 200.0517 | V37: 44409 | W37: 14 | X37: 18125.862 | Y37: 6 | Z37: =Y37/W37 -> 0.42857143 | AA37: 6 | AB37: 1494.872 | AC37: 580734.8 | AD37: =AC37/AB37 -> 388.48463
B38: 39295 | C38: 83 | D38: 112945.77 | E38: 29 | F38: =E38/C38 -> 0.34939759 | G38: 28 | H38: 10786.901 | I38: 2892575.3 | J38: =I38/H38 -> 268.15628 | L38: 41852 | M38: 35 | N38: 24438.69 | O38: 21 | P38: =O38/M38 -> 0.6 | Q38: 27 | R38: 3036.255 | S38: 997895.9 | T38: =S38/R38 -> 328.66011 | V38: 44440 | W38: 13 | X38: 2920.874 | Y38: 8 | Z38: =Y38/W38 -> 0.61538462 | AA38: 8 | AB38: 326.944 | AC38: 538221.25 | AD38: =AC38/AB38 -> 1646.2185
B39: 39326 | C39: 45 | D39: 34768.7 | E39: 14 | F39: =E39/C39 -> 0.31111111 | G39: 14 | H39: 3083.3 | I39: 1936243 | J39: =I39/H39 -> 627.97749 | L39: 41883 | M39: 29 | N39: 46708.56 | O39: 8 | P39: =O39/M39 -> 0.27586207 | Q39: 6 | R39: 1733.42 | S39: 663723.3 | T39: =S39/R39 -> 382.89814 | V39: 44470 | W39: 11 | X39: 2464 | Y39: 2 | Z39: =Y39/W39 -> 0.18181818 | AA39: 3 | AB39: 228 | AC39: 46056 | AD39: =AC39/AB39 -> 202
B40: 39356 | C40: 47 | D40: 41694.079 | E40: 16 | F40: =E40/C40 -> 0.34042553 | G40: 18 | H40: 5381.189 | I40: 6035465.7 | J40: =I40/H40 -> 1121.5859 | L40: 41913 | M40: 13 | N40: 12488.72 | O40: 11 | P40: =O40/M40 -> 0.84615385 | Q40: 10 | R40: 2962.67 | S40: 1196508.2 | T40: =S40/R40 -> 403.86146 | V40: 44501 | W40: 6 | X40: 5609.47 | Y40: 2 | Z40: =Y40/W40 -> 0.33333333 | AA40: 1 | AB40: 35.1 | AC40: 13338 | AD40: =AC40/AB40 -> 380
B41: 39387 | C41: 43 | D41: 38583.24 | E41: 22 | F41: =E41/C41 -> 0.51162791 | G41: 19 | H41: 3024.469 | I41: 1171854.9 | J41: =I41/H41 -> 387.45808 | L41: 41944 | M41: 7 | N41: 5624.23 | O41: 4 | P41: =O41/M41 -> 0.57142857 | Q41: 4 | R41: 392.23 | S41: 69330.15 | T41: =S41/R41 -> 176.75892 | V41: 44531 | W41: 8 | X41: 11912.58 | Y41: 3 | Z41: =Y41/W41 -> 0.375 | AA41: 3 | AB41: 316 | AC41: 403246 | AD41: =AC41/AB41 -> 1276.0949
B42: 39417 | C42: 51 | D42: 50406.5 | E42: 26 | F42: =E42/C42 -> 0.50980392 | G42: 24 | H42: 9097.2 | I42: 2413328.2 | J42: =I42/H42 -> 265.28252 | L42: 41974 | M42: 22 | N42: 12943.715 | O42: 10 | P42: =O42/M42 -> 0.45454545 | Q42: 10 | R42: 1169.715 | S42: 634492.9 | T42: =S42/R42 -> 542.43376 | V42: 44562 | W42: 6 | X42: 5904.54 | Y42: 3 | Z42: =Y42/W42 -> 0.5 | AA42: 3 | AB42: 176.597 | AC42: 40024.55 | AD42: =AC42/AB42 -> 226.64343
... B45: 39508 | C45: 115 | D45: 155146.88 | E45: 49 | F45: =E45/C45 -> 0.42608696 | G45: 42 | H45: 17154.46 | I45: 3959010.2 | J45: =I45/H45 -> 230.78606 | L45: 42064 | M45: 23 | N45: 22463.84 | O45: 11 | P45: =O45/M45 -> 0.47826087 | Q45: 11 | R45: 1108.3 | S45: 2202616.4 | T45: =S45/R45 -> 1987.3829 | V45: 44652 | W45: 5 | X45: 265.372 | Y45: 5 | Z45: =Y45/W45 -> 1 | AA45: 5 | AB45: 265.372 | AC45: 529294 | AD45: =AC45/AB45 -> 1994.536
B46: 39539 | C46: 59 | D46: 57118.06 | E46: 29 | F46: 0.49152542 | G46: 24 | H46: 3471.292 | I46: 1409967.2 | J46: =I46/H46 -> 406.17938 | L46: 42095 | M46: 4 | N46: 2071.66 | O46: 3 | P46: =O46/M46 -> 0.75 | Q46: 3 | R46: 102.64 | S46: 23810 | T46: =S46/R46 -> 231.97584 | V46: 44682 | W46: 14 | X46: 11540.79 | Y46: 8 | Z46: =Y46/W46 -> 0.57142857 | AA46: 8 | AB46: 1101.74 | AC46: 1005071.4 | AD46: =AC46/AB46 -> 912.25823
B47: 39569 | C47: 46 | D47: 40455.817 | E47: 27 | F47: 0.58695652 | G47: 20 | H47: 4675.363 | I47: 2287897.8 | J47: =I47/H47 -> 489.3519 | L47: 42125 | M47: 2 | N47: 75.292 | O47: 2 | P47: =O47/M47 -> 1 | Q47: 1 | R47: 36.07 | S47: 6312.25 | T47: =S47/R47 -> 175 | V47: 44713 | W47: 4 | X47: 4246.88 | Y47: 3 | Z47: =Y47/W47 -> 0.75 | AA47: 2 | AB47: 200.66 | AC47: 55527 | AD47: =AC47/AB47 -> 276.72182
B48: 39600 | C48: 81 | D48: 52441.54 | E48: 61 | F48: 0.75308642 | G48: 38 | H48: 9852.02 | I48: 35829910 | J48: =I48/H48 -> 3636.8085 | L48: 42156 | M48: 35 | N48: 4786.67 | O48: 8 | P48: =O48/M48 -> 0.22857143 | Q48: 8 | R48: 805.87 | S48: 3745369 | T48: =S48/R48 -> 4647.6094 | V48: 44743 | W48: 17 | X48: 24652.9 | Y48: 11 | Z48: =Y48/W48 -> 0.64705882 | AA48: 12 | AB48: 2476.21 | AC48: 703356.7 | AD48: =AC48/AB48 -> 284.04566
B49: 39630 | C49: 67 | D49: 75779.603 | E49: 38 | F49: =E49/C49 -> 0.56716418 | G49: 29 | H49: 6568.763 | I49: 48806967 | J49: =I49/H49 -> 7430.161 | L49: 42186 | M49: 2 | N49: 2071.18 | O49: 2 | P49: =O49/M49 -> 1 | Q49: 2 | R49: 36.02 | S49: 9005 | T49: =S49/R49 -> 250 | V49: 44774 | W49: 13 | X49: 11672 | Y49: 7 | Z49: =Y49/W49 -> 0.53846154 | AA49: 7 | AB49: 752.95 | AC49: 1922750 | AD49: =AC49/AB49 -> 2553.6224
B50: 39661 | C50: 72 | D50: 31893.03 | E50: 72 | F50: =E50/C50 -> 1 | G50: 51 | H50: 7432.76 | I50: 93831700 | J50: =I50/H50 -> 12624.072 | L50: 42217 | M50: 25 | N50: 1528.512 | O50: 21 | P50: =O50/M50 -> 0.84 | Q50: 21 | R50: 1443.592 | S50: 3084851.4 | T50: =S50/R50 -> 2136.9274 | V50: 44805 | W50: 23 | X50: 37895.597 | Y50: 12 | Z50: =Y50/W50 -> 0.52173913 | AA50: 13 | AB50: 2587.227 | AC50: 2156969.4 | AD50: =AC50/AB50 -> 833.69931
B51: 39692 | C51: 0 | D51: 0 | E51: 0 | F51: 0 | G51: 0 | H51: 0 | I51: 0 | L51: 42248 | M51: 36 | N51: 54402.961 | O51: 10 | P51: =O51/M51 -> 0.27777778 | Q51: 10 | R51: 1598.322 | S51: 476400.04 | T51: =S51/R51 -> 298.06262 | V51: 44835 | W51: 3 | X51: 1269.76 | Y51: 2 | Z51: =Y51/W51 -> 0.66666667 | AA51: 2 | AB51: 138 | AC51: 263595 | AD51: =AC51/AB51 -> 1910.1087
B52: 39722 | C52: 367 | D52: 245850.3 | E52: 142 | F52: =E52/C52 -> 0.38692098 | G52: 128 | H52: 32685.321 | I52: 43559940 | J52: =I52/H52 -> 1332.7065 | L52: 42278 | M52: 36 | N52: 40385.69 | O52: 6 | P52: 0.16666667 | Q52: 6 | R52: 387.035 | S52: 96492.38 | T52: 249.31177 | V52: 44866 | W52: 5 | X52: 9985.03 | Y52: 5 | Z52: =Y52/W52 -> 1 | AA52: 2 | AB52: 477 | AC52: 1366885 | AD52: =AC52/AB52 -> 2865.587
B53: 39753 | C53: 155 | D53: 105638.11 | E53: 53 | F53: =E53/C53 -> 0.34193548 | G53: 41 | H53: 8925.374 | I53: 3757649.9 | J53: =I53/H53 -> 421.00756 | L53: 42309 | M53: 10 | N53: 12834.07 | O53: 4 | P53: 0.4 | Q53: 4 | R53: 126.17 | S53: 22165.52 | T53: 175.6798 | V53: 44896 | W53: 7 | X53: 2714.948 | Y53: 4 | Z53: =Y53/W53 -> 0.57142857 | AA53: 5 | AB53: 351.948 | AC53: 144946.74 | AD53: =AC53/AB53 -> 411.84135
B54: 39783 | C54: 142 | D54: 112087.56 | E54: 50 | F54: =E54/C54 -> 0.35211268 | G54: 29 | H54: 4268.826 | I54: 1501254.2 | J54: =I54/H54 -> 351.67848 | L54: 42339 | M54: 56 | N54: 82769.66 | O54: 6 | P54: 0.10714286 | Q54: 7 | R54: 1485.43 | S54: 482109.5 | T54: 324.55888 | V54: 44927 | W54: 8 | X54: 3142.74 | Y54: 5 | Z54: =Y54/W54 -> 0.625 | AA54: 5 | AB54: 377.203 | AC54: 91237.36 | AD54: =AC54/AB54 -> 241.87867
B55: 39814 | C55: 77 | D55: 105817.22 | E55: 24 | F55: =E55/C55 -> 0.31168831 | G55: 18 | H55: 3594.67 | I55: 880837.75 | J55: =I55/H55 -> 245.03995 | L55: 42370 | M55: 13 | N55: 3189.531 | O55: 8 | P55: 0.61538462 | Q55: 8 | R55: 867.777 | S55: 307629.73 | T55: 354.50321 | V55: 44958 | W55: 16 | X55: 9658.254 | Y55: 9 | Z55: =Y55/W55 -> 0.5625 | AA55: 9 | AB55: 1013.573 | AC55: 915101.98 | AD55: =AC55/AB55 -> 902.84763
B56: 39845 | C56: 28 | D56: 34140.23 | E56: 24 | F56: =E56/C56 -> 0.85714286 | G56: 16 | H56: 1612.75 | I56: 604287.82 | J56: =I56/H56 -> 374.69404 | L56: 42401 | M56: 26 | N56: 23819.85 | O56: 13 | P56: =O56/M56 -> 0.5 | Q56: 18 | R56: 2379.29 | S56: 519939.15 | T56: =S56/R56 -> 218.52702 | V56: 44986 | W56: 2 | X56: 191.76 | Y56: 2 | Z56: =Y56/W56 -> 1 | AA56: 1 | AB56: 8.27 | AC56: 1819.4 | AD56: =AC56/AB56 -> 220
B57: 39873 | C57: 45 | D57: 41747.13 | E57: 6 | F57: =E57/C57 -> 0.13333333 | G57: 6 | H57: 2681.87 | I57: 1356773 | J57: =I57/H57 -> 505.90558 | L57: 42430 | M57: 7 | N57: 5921 | O57: 3 | P57: =O57/M57 -> 0.42857143 | Q57: 3 | R57: 240 | S57: 47190 | T57: =S57/R57 -> 196.625 | V57: 45017 | W57: 13 | X57: 19697.78 | Y57: 8 | Z57: =Y57/W57 -> 0.61538462 | AA57: 11 | AB57: 1200.68 | AC57: 321378.2 | AD57: =AC57/AB57 -> 267.66349
B58: 39904 | C58: 64 | D58: 69340.56 | E58: 20 | F58: =E58/C58 -> 0.3125 | G58: 9 | H58: 760.07 | I58: 773943.34 | J58: 1018.2527 | L58: 42461 | M58: 7 | N58: 9360.574 | O58: 3 | P58: =O58/M58 -> 0.42857143 | Q58: 4 | R58: 643.794 | S58: 139880.5 | T58: =S58/R58 -> 217.27525
B59: 39934 | C59: 62 | D59: 47678.369 | E59: 28 | F59: =E59/C59 -> 0.4516129 | G59: 30 | H59: 11306.49 | I59: 3758375.8 | J59: 332.40872 | L59: 42491 | M59: 18 | N59: 38210.347 | O59: 2 | P59: =O59/M59 -> 0.11111111 | Q59: 4 | R59: 1489.017 | S59: 312958.3 | T59: =S59/R59 -> 210.17779
B60: 39965 | C60: 11 | D60: 6524.502 | E60: 11 | F60: =E60/C60 -> 1 | G60: 11 | H60: 477.502 | I60: 1441487.3 | J60: 3018.8089 | L60: 42522 | M60: 9 | N60: 4657.46 | O60: 8 | P60: =O60/M60 -> 0.88888889 | Q60: 3 | R60: 173 | S60: 31100 | T60: =S60/R60 -> 179.76879
B61: 39995 | C61: 49 | D61: 49772.731 | E61: 25 | F61: =E61/C61 -> 0.51020408 | G61: 25 | H61: 5308.001 | I61: 3236429 | J61: 609.72652 | L61: 42552 | M61: 2 | N61: 587 | O61: 2 | P61: =O61/M61 -> 1 | Q61: 2 | R61: 294 | S61: 59150 | T61: =S61/R61 -> 201.19048
B62: 40026 | C62: 43 | D62: 12610.401 | E62: 45 | F62: 1.0465116 | G62: 31 | H62: 2621.833 | I62: 7324454.4 | J62: 2793.6388 | L62: 42583 | M62: 14 | N62: 25314.43 | O62: 3 | P62: =O62/M62 -> 0.21428571 | Q62: 3 | R62: 678.43 | S62: 343132.91 | T62: =S62/R62 -> 505.77497
B63: 40057 | C63: 5 | D63: 1339.892 | E63: 3 | F63: 0.6 | G63: 3 | H63: 47.092 | I63: 29932 | J63: 635.6069 | L63: 42614 | M63: 21 | N63: 15373.48 | O63: 5 | P63: =O63/M63 -> 0.23809524 | Q63: 5 | R63: 764.974 | S63: 156244.8 | T63: =S63/R63 -> 204.24851
B64: 40087 | C64: 46 | D64: 17609.762 | E64: 57 | F64: 1.2391304 | G64: 29 | H64: 1604.742 | I64: 12131040 | J64: 7559.4956 | L64: 42644 | M64: 2 | N64: 45 | O64: 2 | P64: =O64/M64 -> 1 | Q64: 2 | R64: 45 | S64: 6500 | T64: =S64/R64 -> 144.44444
B65: 40118 | C65: 25 | D65: 19754.79 | E65: 17 | F65: =E65/C65 -> 0.68 | G65: 13 | H65: 1382.026 | I65: 2654065.9 | J65: =I65/H65 -> 1920.4168 | L65: 42675 | M65: 8 | N65: 5354.697 | O65: 2 | P65: =O65/M65 -> 0.25 | Q65: 2 | R65: 646 | S65: 131225 | T65: =S65/R65 -> 203.13467
B66: 40148 | C66: 67 | D66: 70732.918 | E66: 51 | F66: =E66/C66 -> 0.76119403 | G66: 40 | H66: 8016.328 | I66: 9445466.6 | J66: =I66/H66 -> 1178.2785 | L66: 42705 | M66: 34 | N66: 34792.53 | O66: 12 | P66: =O66/M66 -> 0.35294118 | Q66: 14 | R66: 1975.065 | S66: 449627.61 | T66: =S66/R66 -> 227.65206
B67: 40179 | C67: 53 | D67: 38771.489 | E67: 32 | F67: =E67/C67 -> 0.60377358 | G67: 31 | H67: 8109.459 | I67: 4099665.5 | J67: =I67/H67 -> 505.54118 | L67: 42736 | M67: 9 | N67: 11347.93 | O67: 2 | P67: =O67/M67 -> 0.22222222 | Q67: 2 | R67: 240.15 | S67: 48134.25 | T67: =S67/R67 -> 200.4341
B68: 40210 | C68: 20 | D68: 6217.261 | E68: 13 | F68: =E68/C68 -> 0.65 | G68: 13 | H68: 1704.241 | I68: 6303885 | J68: =I68/H68 -> 3698.9399 | L68: 42767 | M68: 4 | N68: 1210.261 | O68: 3 | P68: =O68/M68 -> 0.75 | Q68: 3 | R68: 139.151 | S68: 38986.15 | T68: =S68/R68 -> 280.17154
B69: 40238 | C69: 23 | D69: 18752.018 | E69: 15 | F69: =E69/C69 -> 0.65217391 | G69: 16 | H69: 2570.538 | I69: 4826740.6 | J69: =I69/H69 -> 1877.7161 | L69: 42795 | M69: 37 | N69: 8869.25 | O69: 21 | P69: =O69/M69 -> 0.56756757 | Q69: 21 | R69: 1008.22 | S69: 440516 | T69: =S69/R69 -> 436.92448
B70: 40269 | C70: 63 | D70: 19388.408 | E70: 51 | F70: =E70/C70 -> 0.80952381 | G70: 48 | H70: 2614.421 | I70: 3471860.5 | J70: =I70/H70 -> 1327.9653 | L70: 42826 | M70: 6 | N70: 7481.35 | O70: 2 | P70: =O70/M70 -> 0.33333333 | Q70: 1 | R70: 135.08 | S70: 30393 | T70: =S70/R70 -> 225
B71: 40299 | C71: 63 | D71: 61447.218 | E71: 16 | F71: =E71/C71 -> 0.25396825 | G71: 17 | H71: 4380.874 | I71: 1820157.4 | J71: =I71/H71 -> 415.47814 | L71: 42856 | M71: 27 | N71: 24730.67 | O71: 4 | P71: =O71/M71 -> 0.14814815 | Q71: 4 | R71: 630 | S71: 169770 | T71: =S71/R71 -> 269.47619
B72: 40330 | C72: 48 | D72: 39124.13 | E72: 19 | F72: =E72/C72 -> 0.39583333 | G72: 20 | H72: 2353.46 | I72: 6072056.4 | J72: =I72/H72 -> 2580.0551 | L72: 42887 | M72: 4 | N72: 1689 | O72: 3 | P72: =O72/M72 -> 0.75 | Q72: 3 | R72: 196 | S72: 76944 | T72: =S72/R72 -> 392.57143
B73: 40360 | C73: 29 | D73: 2924.129 | E73: 25 | F73: =E73/C73 -> 0.86206897 | G73: 25 | H73: 1380.71 | I73: 4596455.3 | J73: =I73/H73 -> 3329.052 | L73: 42917 | M73: 29 | N73: 14018.596 | O73: 15 | P73: =O73/M73 -> 0.51724138 | Q73: 14 | R73: 7958.413 | S73: 1712568.8 | T73: =S73/R73 -> 215.18974
B74: 40391 | C74: 39 | D74: 25806.82 | E74: 25 | F74: =E74/C74 -> 0.64102564 | G74: 26 | H74: 6898.42 | I74: 3716760 | J74: =I74/H74 -> 538.78424 | L74: 42948 | M74: 11 | N74: 10096.52 | O74: 7 | P74: =O74/M74 -> 0.63636364 | Q74: 7 | R74: 1089.52 | S74: 214435 | T74: =S74/R74 -> 196.81603
B75: 40422 | C75: 43 | D75: 46609.856 | E75: 22 | F75: =E75/C75 -> 0.51162791 | G75: 21 | H75: 977.875 | I75: 1121923.9 | J75: =I75/H75 -> 1147.3081 | L75: 42979 | M75: 15 | N75: 6510.95 | O75: 6 | P75: =O75/M75 -> 0.4 | Q75: 4 | R75: 111.5 | S75: 17075 | T75: =S75/R75 -> 153.13901
B76: 40452 | C76: 46 | D76: 26701.987 | E76: 28 | F76: =E76/C76 -> 0.60869565 | G76: 29 | H76: 3103.947 | I76: 2705881.5 | J76: =I76/H76 -> 871.75507 | L76: 43009 | M76: 0 | N76: 0 | O76: 0 | P76: 0 | Q76: 0 | R76: 0 | S76: 0 | T76: 0
B77: 40483 | C77: 39 | D77: 32525.955 | E77: 20 | F77: =E77/C77 -> 0.51282051 | G77: 19 | H77: 2485.56 | I77: 6592803.6 | J77: =I77/H77 -> 2652.4419 | L77: 43040 | M77: 11 | N77: 18097.2 | O77: 4 | P77: =O77/M77 -> 0.36363636 | Q77: 4 | R77: 913 | S77: 281157 | T77: =S77/R77 -> 307.94852
B78: 40513 | C78: 51 | D78: 14392.033 | E78: 23 | F78: =E78/C78 -> 0.45098039 | G78: 23 | H78: 5399.484 | I78: 2864918.7 | J78: =I78/H78 -> 530.59121 | L78: 43070 | M78: 7 | N78: 48723.266 | O78: 5 | P78: =O78/M78 -> 0.71428571 | Q78: 4 | R78: 232.876 | S78: 63258.78 | T78: =S78/R78 -> 271.64147
B79: 40544 | C79: 58 | D79: 79128.832 | E79: 20 | F79: =E79/C79 -> 0.34482759 | G79: 23 | H79: 5334.78 | I79: 2216371.7 | J79: =I79/H79 -> 415.457 | L79: 43101 | M79: 32 | N79: 34814.352 | O79: 12 | P79: =O79/M79 -> 0.375 | Q79: 11 | R79: 1623.78 | S79: 374166.73 | T79: =S79/R79 -> 230.42945
B80: 40575 | C80: 17 | D80: 7385.028 | E80: 10 | F80: =E80/C80 -> 0.58823529 | G80: 11 | H80: 844 | I80: 604518.9 | J80: =I80/H80 -> 716.25462 | L80: 43132 | M80: 6 | N80: 8821 | O80: 4 | P80: =O80/M80 -> 0.66666667 | Q80: 4 | R80: 579.3 | S80: 178637.5 | T80: =S80/R80 -> 308.36786
B81: 40603 | C81: 159 | D81: 232779.08 | E81: 35 | F81: =E81/C81 -> 0.22012579 | G81: 32 | H81: 15882.487 | I81: 11572567 | J81: =I81/H81 -> 728.63697 | L81: 43160 | M81: 9 | N81: 5229.96 | O81: 5 | P81: =O81/M81 -> 0.55555556 | Q81: 5 | R81: 646.43 | S81: 194954.31 | T81: =S81/R81 -> 301.58611
B82: 40634 | C82: 42 | D82: 20698.055 | E82: 20 | F82: =E82/C82 -> 0.47619048 | G82: 21 | H82: 4149.7 | I82: 2332301.7 | J82: =I82/H82 -> 562.04104 | L82: 43191 | M82: 7 | N82: 2091.456 | O82: 5 | P82: =O82/M82 -> 0.71428571 | Q82: 5 | R82: 229.956 | S82: 229550.45 | T82: =S82/R82 -> 998.2364
B83: 40664 | C83: 25 | D83: 16015.022 | E83: 17 | F83: =E83/C83 -> 0.68 | G83: 17 | H83: 9996.87 | I83: 2774370 | J83: =I83/H83 -> 277.52386 | L83: 43221 | M83: 26 | N83: 8778 | O83: 24 | P83: =O83/M83 -> 0.92307692 | Q83: 7 | R83: 759.16 | S83: 225754.5 | T83: =S83/R83 -> 297.37407
B84: 40695 | C84: 49 | D84: 40887.477 | E84: 22 | F84: =E84/C84 -> 0.44897959 | G84: 27 | H84: 3392.785 | I84: 2446928.1 | J84: =I84/H84 -> 721.21521 | L84: 43252 | M84: 48 | N84: 11498.275 | O84: 26 | P84: =O84/M84 -> 0.54166667 | Q84: 26 | R84: 3080.83 | S84: 993668.81 | T84: =S84/R84 -> 322.53283
B85: 40725 | C85: 79 | D85: 37441.099 | E85: 50 | F85: =E85/C85 -> 0.63291139 | G85: 55 | H85: 6124.417 | I85: 4237220.8 | J85: =I85/H85 -> 691.85701 | L85: 43282 | M85: 19 | N85: 7009.66 | O85: 8 | P85: =O85/M85 -> 0.42105263 | Q85: 11 | R85: 5484.65 | S85: 4899347.6 | T85: =S85/R85 -> 893.28354
B86: 40756 | C86: 39 | D86: 44249.773 | E86: 18 | F86: =E86/C86 -> 0.46153846 | G86: 18 | H86: 1759.762 | I86: 667147.07 | J86: =I86/H86 -> 379.1121 | L86: 43313 | M86: 5 | N86: 602.975 | O86: 5 | P86: =O86/M86 -> 1 | Q86: 4 | R86: 137.445 | S86: 100355.5 | T86: =S86/R86 -> 730.15024
B87: 40787 | C87: 53 | D87: 28555.63 | E87: 38 | F87: =E87/C87 -> 0.71698113 | G87: 38 | H87: 11410.09 | I87: 2978732.2 | J87: =I87/H87 -> 261.06124 | L87: 43344 | M87: 22 | N87: 16858.076 | O87: 11 | P87: =O87/M87 -> 0.5 | Q87: 12 | R87: 1817.36 | S87: 431035 | T87: =S87/R87 -> 237.17645
B88: 40817 | C88: 39 | D88: 49521.346 | E88: 16 | F88: =E88/C88 -> 0.41025641 | G88: 17 | H88: 7561.406 | I88: 2715376.5 | J88: =I88/H88 -> 359.11 | L88: 43374 | M88: 8 | N88: 2073 | O88: 2 | P88: =O88/M88 -> 0.25 | Q88: 3 | R88: 145 | S88: 57532 | T88: =S88/R88 -> 396.77241
... B97: 41091 | C97: 28 | D97: 16136.727 | E97: 11 | F97: =E97/C97 -> 0.39285714 | G97: 12 | H97: 1534.907 | I97: 498136.34 | J97: =I97/H97 -> 324.53845 | L97: 43647 | M97: 10 | N97: 6853.25 | O97: 9 | P97: =O97/M97 -> 0.9 | Q97: 9 | R97: 1589.138 | S97: 555493.3 | T97: =S97/R97 -> 349.55636
B98: 41122 | C98: 114 | D98: 146458.32 | E98: 50 | F98: =E98/C98 -> 0.43859649 | G98: 51 | H98: 11558.657 | I98: 4907849.4 | J98: =I98/H98 -> 424.60378 | L98: 43678 | M98: 1 | N98: 47 | O98: 0 | P98: =O98/M98 -> 0 | Q98: 0 | R98: 0 | S98: 0 | T98: 0
B99: 41153 | C99: 10 | D99: 11821.827 | E99: 7 | F99: =E99/C99 -> 0.7 | G99: 4 | H99: 656.147 | I99: 337567 | J99: =I99/H99 -> 514.46856 | L99: 43709 | M99: 19 | N99: 7076.83 | O99: 5 | P99: =O99/M99 -> 0.26315789 | Q99: 5 | R99: 575.44 | S99: 138618 | T99: =S99/R99 -> 240.89045
B100: 41183 | C100: 50 | D100: 81192.34 | E100: 13 | F100: =E100/C100 -> 0.26 | G100: 12 | H100: 2989.47 | I100: 1360942.6 | J100: =I100/H100 -> 455.24544 | L100: 43739 | M100: 6 | N100: 708170 | O100: 3 | P100: =O100/M100 -> 0.5 | Q100: 3 | R100: 272 | S100: 23083 | T100: =S100/R100 -> 84.863971
B101: 41214 | C101: 25 | D101: 32126.97 | E101: 12 | F101: =E101/C101 -> 0.48 | G101: 20 | H101: 2809.62 | I101: 1821788.7 | J101: =I101/H101 -> 648.41106 | L101: 43770 | M101: 15 | N101: 12645.64 | O101: 9 | P101: =O101/M101 -> 0.6 | Q101: 9 | R101: 320.99 | S101: 131648 | T101: =S101/R101 -> 410.13116
B102: 41244 | C102: 38 | D102: 55077.31 | E102: 16 | F102: =E102/C102 -> 0.42105263 | G102: 19 | H102: 4067.15 | I102: 1963075.5 | J102: =I102/H102 -> 482.66612 | L102: 43800 | M102: 26 | N102: 30952.911 | O102: 4 | P102: =O102/M102 -> 0.15384615 | Q102: 4 | R102: 771 | S102: 212523 | T102: =S102/R102 -> 275.64591
B103: 41275 | C103: 24 | D103: 35633.04 | E103: 9 | F103: =E103/C103 -> 0.375 | G103: 12 | H103: 1754.12 | I103: 1170803.8 | J103: =I103/H103 -> 667.45937 | L103: 43831 | M103: 19 | N103: 21142.85 | O103: 9 | P103: =O103/M103 -> 0.47368421 | Q103: 9 | R103: 1300.617 | S103: 419447.05 | T103: =S103/R103 -> 322.49851
B104: 41306 | C104: 66 | D104: 115974.52 | E104: 17 | F104: =E104/C104 -> 0.25757576 | G104: 18 | H104: 2316.108 | I104: 756594.75 | J104: =I104/H104 -> 326.66644 | L104: 43862 | M104: 14 | N104: 30110.6 | O104: 2 | P104: =O104/M104 -> 0.14285714 | Q104: 2 | R104: 506.86 | S104: 104055 | T104: =S104/R104 -> 205.29337
B105: 41334 | C105: 18 | D105: 8786.11 | E105: 11 | F105: =E105/C105 -> 0.61111111 | G105: 11 | H105: 785.6 | I105: 279549.61 | J105: =I105/H105 -> 355.84217 | L105: 43891 | M105: 42 | N105: 36131.809 | O105: 17 | P105: =O105/M105 -> 0.4047619 | Q105: 9 | R105: 2599 | S105: 990707 | T105: =S105/R105 -> 381.18776
B106: 41365 | C106: 66 | D106: 90819.995 | E106: 23 | F106: =E106/C106 -> 0.34848485 | G106: 22 | H106: 4476.53 | I106: 2011205.4 | J106: =I106/H106 -> 449.27777 | L106: 43922 | M106: 5 | N106: 917.431 | O106: 1 | P106: =O106/M106 -> 0.2 | Q106: 1 | R106: 10 | S106: 15020 | T106: =S106/R106 -> 1502
B107: 41395 | C107: 35 | D107: 33304.413 | E107: 15 | F107: =E107/C107 -> 0.42857143 | G107: 15 | H107: 1246.793 | I107: 592552.07 | J107: =I107/H107 -> 475.26099 | L107: 43952 | M107: 11 | N107: 3866.76 | O107: 4 | P107: =O107/M107 -> 0.36363636 | Q107: 4 | R107: 59.5 | S107: 32410 | T107: =S107/R107 -> 544.70588
B108: 41426 | C108: 79 | D108: 53637.751 | E108: 31 | F108: =E108/C108 -> 0.39240506 | G108: 32 | H108: 4350.001 | I108: 2626342.3 | J108: =I108/H108 -> 603.7567 | L108: 43983 | M108: 1 | N108: 4 | O108: 1 | P108: =O108/M108 -> 1 | Q108: 1 | R108: 4 | S108: 804 | T108: =S108/R108 -> 201
B109: 41456 | C109: 82 | D109: 133854.75 | E109: 15 | F109: =E109/C109 -> 0.18292683 | G109: 14 | H109: 1785.399 | I109: 700580.55 | J109: =I109/H109 -> 392.39439 | L109: 44013 | M109: 8 | N109: 5400 | O109: 6 | P109: =O109/M109 -> 0.75 | Q109: 6 | R109: 3040.26 | S109: 1526880 | T109: =S109/R109 -> 502.2202
B110: 41487 | C110: 58 | D110: 53844.112 | E110: 18 | F110: =E110/C110 -> 0.31034483 | G110: 19 | H110: 2484.832 | I110: 1124182 | J110: =I110/H110 -> 452.41772 | L110: 44044 | M110: 4 | N110: 761.206 | O110: 3 | P110: =O110/M110 -> 0.75 | Q110: 2 | R110: 226.815 | S110: 282875.68 | T110: =S110/R110 -> 1247.1648
... B114: 41609 | C114: 49 | D114: 15434.72 | E114: 26 | F114: =E114/C114 -> 0.53061224 | G114: 26 | H114: 2624.17 | I114: 770570.92 | J114: =I114/H114 -> 293.64367 | L114: 44166 | M114: 14 | N114: 2664.85 | O114: 8 | P114: =O114/M114 -> 0.57142857 | Q114: 8 | R114: 1501.51 | S114: 1188355 | T114: =S114/R114 -> 791.43995
...

Sheet Leased Acres Table
A1: State Acreage Under Lease
A3: Month/Year | B3: Acreage | D3: Month/Year | E3: Acreage | G3: Month/Year | H3: Acreage
A4: 37987 | B4: 970647 | D4: 40544 | E4: 832686 | G4: 43101 | H4: 534124
A5: 38018 | B5: 970566 | D5: 40575 | E5: 830312 | G5: 43132 | H5: 533258
A6: 38047 | B6: 973551 | D6: 40603 | E6: 841244 | G6: 43160 | H6: 532400
A7: 38078 | B7: 967958 | D7: 40634 | E7: 835606 | G7: 43191 | H7: 529157
A8: 38108 | B8: 974311 | D8: 40664 | E8: 838805 | G8: 43221 | H8: 527308
A9: 38139 | B9: 978972 | D9: 40695 | E9: 837030 | G9: 43252 | H9: 526891
A10: 38169 | B10: 977175 | D10: 40725 | E10: 840695 | G10: 43282 | H10: 526976
A11: 38200 | B11: 979727 | D11: 40756 | E11: 827487 | G11: 43313 | H11: =+(H10+H12)/2 -> 520487.5
A12: 38231 | B12: 981595 | D12: 40787 | E12: 838284 | G12: 43344 | H12: 513999
A13: 38261 | B13: 981936 | D13: 40817 | E13: 841468 | G13: 43374 | H13: 513874
A14: 38292 | B14: 983547 | D14: 40848 | E14: 842874 | G14: 43405 | H14: 504900
A15: 38322 | B15: 982793 | D15: 40878 | E15: 850934 | G15: 43435 | H15: 505962
A16: 38353 | B16: 977687 | D16: 40909 | E16: 850672 | G16: 43466 | H16: 507070
A17: 38384 | B17: 987060 | D17: 40940 | E17: 848663 | G17: 43497 | H17: 513433
A18: 38412 | B18: 989296 | D18: 40969 | E18: 844908 | G18: 43525 | H18: 512175
A19: 38443 | B19: 985526 | D19: 41000 | E19: 841755 | G19: 43556 | H19: 491974
A20: 38473 | B20: 986287 | D20: 41030 | E20: 851404 | G20: 43586 | H20: 489509
A21: 38504 | B21: 984084 | D21: 41061 | E21: 853371 | G21: 43617 | H21: 488975
A22: 38534 | B22: 991395 | D22: 41091 | E22: 848353 | G22: 43647 | H22: 488364
A23: 38565 | B23: 993569 | D23: 41122 | E23: 843802 | G23: 43678 | H23: 485281
... A28: 38718 | B28: 997605 | D28: 41275 | E28: 838989 | G28: 43831 | H28: 477544
A29: 38749 | B29: 1012059 | D29: 41306 | E29: 840990 | G29: February 2020 | H29: 471405
A30: 38777 | B30: 1010201 | D30: 41334 | E30: 834173 | G30: March 2020 | H30: 470743 | K30: Jan | L30: Feb | M30: March | N30: April | O30: May | P30: June | Q30: July | R30: Aug | S30: Sept | T30: Oct | U30: Nov | V30: Dec | W30: Total
A31: 38808 | B31: 1014111 | D31: 41365 | E31: 800284 | G31: April 2020 | H31: 469376 | J31: 2004 | K31: 970647 | L31: 970566 | M31: 973551 | N31: 967958 | O31: 974311 | P31: 978972 | Q31: 977175 | R31: 979727 | S31: 981595 | T31: 981936 | U31: 983547 | V31: 982793 | W31: =SUM(K31:V31) -> 11722778
A32: 38838 | B32: 1019784 | D32: 41395 | E32: 793150 | G32: May 2020 | H32: 468457 | J32: 2005 | K32: 977687 | L32: 987060 | M32: 989296 | N32: 985526 | O32: 986287 | P32: 984084 | Q32: 991395 | R32: 993569 | S32: 999285 | T32: 1001031 | U32: 999714 | V32: 1000881 | W32: =SUM(K32:V32) -> 11895815
A33: 38869 | B33: 1007301 | D33: 41426 | E33: 785111 | G33: June 2020 | H33: 468516 | J33: 2006 | K33: 997605 | L33: 1012059 | M33: 1010201 | N33: 1014111 | O33: 1019784 | P33: 1007301 | Q33: 1005887 | R33: 1015199 | S33: 1011473 | T33: 1016921 | U33: 1023932 | V33: 1022243 | W33: =SUM(K33:V33) -> 12156716
A34: 38899 | B34: 1005887 | D34: 41456 | E34: 769501 | G34: July 2020 | H34: 465801 | J34: 2007 | K34: 1028925 | L34: 1036953 | M34: 1021053 | N34: 1020861 | O34: 1015199 | P34: 1011179 | Q34: 1005474 | R34: 1010699 | S34: 1007599 | T34: 1004799 | U34: 998681 | V34: 1000171 | W34: =SUM(K34:V34) -> 12161593
A35: 38930 | B35: 1015199 | D35: 41487 | E35: 768105 | G35: August 2020 | H35: 465154 | J35: 2008 | K35: 1004555 | L35: 996060 | M35: 1007716 | N35: 997694 | O35: 987990 | P35: 983981 | Q35: 971662 | R35: 971764 | S35: 956861 | T35: 979642 | U35: 978571 | V35: 980177 | W35: =SUM(K35:V35) -> 11816673
A36: 38961 | B36: 1011473 | D36: 41518 | E36: 778148 | G36: September 2020 | H36: 468108 | J36: 2009 | K36: 975858 | L36: 968268 | M36: 965586 | N36: 956319 | O36: 958778 | P36: 944169 | Q36: 932690 | R36: 920007 | S36: 904586 | T36: 895792 | U36: 892551 | V36: 895270 | W36: =SUM(K36:V36) -> 11209874
A37: 38991 | B37: 1016921 | D37: 41548 | E37: 776915 | G37: October 2020 | H37: 466686 | J37: 2010 | K37: 895294 | L37: 890479 | M37: 873504 | N37: 847680 | O37: 847259 | P37: 840614 | Q37: 837713 | R37: 840595 | S37: 839384 | T37: 834736 | U37: 831990 | V37: 830109 | W37: =SUM(K37:V37) -> 10209357
A38: 39022 | B38: 1023932 | D38: 41579 | E38: 774080 | G38: November 2020 | H38: 468771 | J38: 2011 | K38: 832686 | L38: 830312 | M38: 841244 | N38: 835606 | O38: 838805 | P38: 837030 | Q38: 840695 | R38: 827487 | S38: 838284 | T38: 841468 | U38: 842874 | V38: 850934 | W38: =SUM(K38:V38) -> 10057425
A39: 39052 | B39: 1022243 | D39: 41609 | E39: 763086 | G39: December 2020 | H39: 464206 | J39: 2012 | K39: 850672 | L39: 848663 | M39: 844908 | N39: 841755 | O39: 851404 | P39: 853371 | Q39: 848353 | R39: 843802 | S39: 847588 | T39: 841248 | U39: 840722 | V39: 842195 | W39: =SUM(K39:V39) -> 10154681
A40: 39083 | B40: 1028925 | D40: 41640 | E40: 762382 | G40: January 2021 | H40: 465621 | J40: 2013 | K40: 838989 | L40: 840990 | M40: 834173 | N40: 800284 | O40: 793150 | P40: 785111 | Q40: 769501 | R40: 768105 | S40: 778148 | T40: 776915 | U40: 774080 | V40: 763086 | W40: =SUM(K40:V40) -> 9522532
A41: 39114 | B41: 1036953 | D41: 41671 | E41: 759000 | G41: February 2021 | H41: 465952 | J41: 2014 | K41: 762382 | L41: 759000 | M41: 758000 | N41: 753000 | O41: 749000 | P41: 750664 | Q41: 739194 | R41: 736599 | S41: 732328 | T41: 728939 | U41: 728599 | V41: 727950 | W41: =SUM(K41:V41) -> 8925655
A42: 39142 | B42: 1021053 | D42: 41699 | E42: 758000 | G42: March 2021 | H42: 466083 | J42: 2015 | K42: 732483 | L42: 729609 | M42: 720434 | N42: 714920 | O42: 707270 | P42: 704471 | Q42: 694035 | R42: 692190 | S42: 690971 | T42: 675326 | U42: 774080 | V42: 639381 | W42: =SUM(K42:V42) -> 8475170
... A49: 39356 | B49: 1004799 | D49: 41913 | E49: 728939 | G49: October 2021 | H49: 460640 | J49: 2022 | K49: 453728 | L49: 451588 | M49: 449613 | N49: 448900 | O49: 443568 | P49: 443804 | Q49: 443558 | R49: 445972 | S49: 445707 | T49: 443272 | U49: 424828 | V49: 424982 | W49: =SUM(K49:V49) -> 5319520
A50: 39387 | B50: 998681 | D50: 41944 | E50: 728599 | G50: November 2021 | H50: 459862 | J50: 2023 | K50: 424983 | L50: 424774 | M50: 425678 | N50: 424888
A51: 39417 | B51: 1000171 | D51: 41974 | E51: 727950 | G51: December 2021 | H51: 457783
A52: 39448 | B52: 1004555 | D52: 42005 | E52: 732483 | G52: January 2022 | H52: 453728
A53: 39479 | B53: 996060 | D53: 42036 | E53: 729609 | G53: February 2022 | H53: 451588
A54: 39508 | B54: 1007716 | D54: 42064 | E54: 720434 | G54: March 2022 | H54: 449613
A55: 39539 | B55: 997694 | D55: 42095 | E55: 714920 | G55: April 2022 | H55: 448900
A56: 39569 | B56: 987990 | D56: 42125 | E56: 707270 | G56: May 2022 | H56: 443568
A57: 39600 | B57: 983981 | D57: 42156 | E57: 704471 | G57: June 2022 | H57: 443804
A58: 39630 | B58: 971662 | D58: 42186 | E58: 694035 | G58: July 2022 | H58: 443558
A59: 39661 | B59: 971764 | D59: 42217 | E59: 692190 | G59: August 2022 | H59: 445972
A60: 39692 | B60: 956861 | D60: 42248 | E60: 690971 | G60: September 2022 | H60: 445707
A61: 39722 | B61: 979642 | D61: 42278 | E61: 675326 | G61: October 2022 | H61: 443272
A62: 39753 | B62: 978571 | D62: 42309 | E62: 774080 | G62: November 2022 | H62: 424828
... A67: 39904 | B67: 956319 | D67: 42461 | E67: 609165 | G67: April 2023 | H67: 424888
A68: 39934 | B68: 958778 | D68: 42491 | E68: 607992
A69: 39965 | B69: 944169 | D69: 42522 | E69: 599378
A70: 39995 | B70: 932690 | D70: 42552 | E70: 592807
A71: 40026 | B71: 920007 | D71: 42583 | E71: 589938
A72: 40057 | B72: 904586 | D72: 42614 | E72: 582636
A73: 40087 | B73: 895792 | D73: 42644 | E73: 581021
A74: 40118 | B74: 892551 | D74: 42675 | E74: 547919
A75: 40148 | B75: 895270 | D75: 42705 | E75: 575091
A76: 40179 | B76: 895294 | D76: 42736 | E76: 568530
A77: 40210 | B77: 890479 | D77: 42767 | E77: 564256
A78: 40238 | B78: 873504 | D78: 42795 | E78: 563863
A79: 40269 | B79: 847680 | D79: 42826 | E79: 559560
... A87: 40513 | B87: 830109 | D87: 43070 | E87: 535487

Sheet Productive Acres Table 
A1: Productive Acres
A3: Month/Year | B3: Acres
A4: 44652 | B4: 261414
A5: 44682 | B5: 261205
A6: 44713 | B6: 260198
A7: 44743 | B7: 258100
A8: 44774 | B8: 259797
A9: 44805 | B9: 258873
A10: 44835 | B10: 257881
A11: 44866 | B11: 251452
A12: 44896 | B12: 251880
A13: 44927 | B13: 252958
A14: 44958 | B14: 253326
A15: 44986 | B15: 253391
A16: 45017 | B16: 253391

Sheet Lease Sale Table 2
A1: Department of Natural Resources
A2: Office of Mineral Resources
A3: Lease Sale Statistics
A4: For Calendar Years 2006, 2007, 2008, 2009, 2010, 2011, 2012, 2013, 2014, 2015, 2016, 2017, 2018, 2019, 2020, 2021, 2022 and 2023
A6: Month | B6: No. of Tracts Nominated | C6: No. of Acres Nominated | D6: No. of Tracts with Bids | E6: % of Nominated Tracts with Bids | F6: No. of Leases | G6: No. of Acres Leased | H6: Total Bonuses | I6: Price Per Acre
A7: 37987 | B7: 80 | C7: 102312.99 | D7: 24 | E7: =D7/B7 -> 0.3 | F7: 21 | G7: 4054.333 | H7: 1209755.9 | I7: =H7/G7 -> 298.38594
A8: 38018 | B8: =189-B7 -> 109 | C8: 132831.11 | D8: 36 | E8: =D8/B8 -> 0.33027523 | F8: 33 | G8: 13638.395 | H8: 4170405.5 | I8: =H8/G8 -> 305.78418
A9: 38047 | B9: =273-189 -> 84 | C9: 126328.26 | D9: 35 | E9: =D9/B9 -> 0.41666667 | F9: 37 | G9: 13838.581 | H9: 2773809.6 | I9: =H9/G9 -> 200.44032
A10: 38078 | B10: =294-273 -> 21 | C10: 27689.52 | D10: 9 | E10: =D10/B10 -> 0.42857143 | F10: 9 | G10: 2540.44 | H10: 686310.01 | I10: =H10/G10 -> 270.15399
A11: 38108 | B11: =366-294 -> 72 | C11: 96587.86 | D11: 28 | E11: =D11/B11 -> 0.38888889 | F11: 31 | G11: 14771.108 | H11: 3741030.8 | I11: =H11/G11 -> 253.26677
A12: 38139 | B12: =467-366 -> 101 | C12: 124977.28 | D12: 25 | E12: =D12/B12 -> 0.24752475 | F12: 24 | G12: 5544.19 | H12: 1942833.5 | I12: =H12/G12 -> 350.42694
A13: 38169 | B13: =578-467 -> 111 | C13: 140323.89 | D13: 31 | E13: =D13/B13 -> 0.27927928 | F13: 32 | G13: 5817.56 | H13: 2044652.4 | I13: =H13/G13 -> 351.46219
A14: 38200 | B14: =628-578 -> 50 | C14: 43044.913 | D14: 26 | E14: =D14/B14 -> 0.52 | F14: 27 | G14: 6881.453 | H14: 1989653.5 | I14: =H14/G14 -> 289.13276
A15: 38231 | B15: =778-628 -> 150 | C15: 225055.04 | D15: 43 | E15: =D15/B15 -> 0.28666667 | F15: 48 | G15: 10518.291 | H15: 3193258.7 | I15: =H15/G15 -> 303.59102
A16: 38261 | B16: =914-778 -> 136 | C16: 199371.38 | D16: 56 | E16: =D16/B16 -> 0.41176471 | F16: 75 | G16: 16777.064 | H16: 8518107.6 | I16: =H16/G16 -> 507.72338
A17: 38292 | B17: =988-914 -> 74 | C17: 81727.593 | D17: 30 | E17: =D17/B17 -> 0.40540541 | F17: 33 | G17: 8058.373 | H17: 1842154.7 | I17: =H17/G17 -> 228.60132
A18: 38322 | B18: 72 | C18: 47855.304 | D18: 30 | E18: =D18/B18 -> 0.41666667 | F18: 32 | G18: 3481.174 | H18: 952899.45 | I18: =H18/G18 -> 273.72934
A19: 38353 | B19: =640-593 -> 47 | C19: 28880.06 | D19: =47-(401-377) -> 23 | E19: =D19/B19 -> 0.4893617 | F19: 24 | G19: 3472.91 | H19: 1118950.3 | I19: =H19/G19 -> 322.19386
A20: 38384 | B20: =186-47 -> 139 | C20: 155224.53 | D20: 50 | E20: =D20/B20 -> 0.35971223 | F20: 54 | G20: 15760.712 | H20: =5701671.68 -> 5701671.7 | I20: =H20/G20 -> 361.76485
A21: 38412 | B21: =250-B20-B19 -> 64 | C21: 68473.92 | D21: 17 | E21: =D21/B21 -> 0.265625 | F21: 18 | G21: 9143.27 | H21: 2990636 | I21: =H21/G21 -> 327.08604
A22: 38443 | B22: =296-250 -> 46 | C22: 50416.84 | D22: 26 | E22: =D22/B22 -> 0.56521739 | F22: 30 | G22: 9349.02 | H22: 3480941.1 | I22: =H22/G22 -> 372.33219
A23: 38473 | B23: 95 | C23: 115385.35 | D23: 43 | E23: =D23/B23 -> 0.45263158 | F23: 47 | G23: 10719.221 | H23: 5311157.8 | I23: =H23/G23 -> 495.47983
A24: 38504 | B24: 94 | C24: 123785.14 | D24: 42 | E24: =D24/B24 -> 0.44680851 | F24: 42 | G24: 8891.85 | H24: 2703889.3 | I24: =H24/G24 -> 304.08625
A25: 38534 | B25: 148 | C25: 152777.69 | D25: =256-204 -> 52 | E25: =D25/B25 -> 0.35135135 | F25: 52 | G25: 12760.26 | H25: 4650705.1 | I25: =H25/G25 -> 364.46789
A26: 38565 | B26: 112 | C26: 165294.17 | D26: =292-253 -> 39 | E26: =D26/B26 -> 0.34821429 | F26: 40 | G26: 5431.63 | H26: 1836091.9 | I26: =H26/G26 -> 338.03699
A27: 38596 | B27: 110 | C27: 125382.28 | D27: =334-292 -> 42 | E27: =D27/B27 -> 0.38181818 | F27: 42 | G27: 17996.14 | H27: 5604577.6 | I27: =H27/G27 -> 311.43221
A28: 38626 | B28: 36 | C28: 19207.59 | D28: =365-334 -> 31 | E28: =D28/B28 -> 0.86111111 | F28: 31 | G28: 5577.8 | H28: 1324037 | I28: =H28/G28 -> 237.37621
A29: 38657 | B29: 58 | C29: 50384.311 | D29: =58-(560-526) -> 24 | E29: =D29/B29 -> 0.4137931 | F29: 24 | G29: 4484.061 | H29: 1612996.9 | I29: =H29/G29 -> 359.71789
A30: 38687 | B30: 75 | C30: 88898.39 | D30: 28 | E30: =D30/B30 -> 0.37333333 | F30: 33 | G30: 8547.41 | H30: 4024433.6 | I30: =H30/G30 -> 470.83662
A31: 38718 | B31: 47 | C31: 47043.313 | D31: 23 | E31: =D31/B31 -> 0.4893617 | F31: 26 | G31: 4329.743 | H31: 1537320.4 | I31: =H31/G31 -> 355.06043
A32: 38749 | B32: 30 | C32: 27775.39 | D32: 22 | E32: =D32/B32 -> 0.73333333 | F32: 21 | G32: 4893.65 | H32: 2259041.2 | I32: =H32/G32 -> 461.62706
A33: 38777 | B33: 90 | C33: 102468.21 | D33: 33 | E33: =D33/B33 -> 0.36666667 | F33: 35 | G33: 11677.774 | H33: 4813881.3 | I33: =H33/G33 -> 412.22593
A34: 38808 | B34: 68 | C34: 71781.41 | D34: 28 | E34: =D34/B34 -> 0.41176471 | F34: 30 | G34: 6467.852 | H34: 3141523.2 | I34: =H34/G34 -> 485.71353
A35: 38838 | B35: 97 | C35: 120198.4 | D35: 35 | E35: =D35/B35 -> 0.36082474 | F35: 31 | G35: 16817.78 | H35: 6025370 | I35: =H35/G35 -> 358.2738
A36: 38869 | B36: 38 | C36: 31183.565 | D36: 23 | E36: =D36/B36 -> 0.60526316 | F36: 21 | G36: 3267.685 | H36: 890923.62 | I36: =H36/G36 -> 272.64673
A37: 38899 | B37: 46 | C37: 61199.576 | D37: 17 | E37: =D37/B37 -> 0.36956522 | F37: 19 | G37: 4912.022 | H37: 1590293.2 | I37: =H37/G37 -> 323.75531
A38: 38930 | B38: 98 | C38: 144142.11 | D38: 37 | E38: =D38/B38 -> 0.37755102 | F38: 47 | G38: 11769.25 | H38: 4274006.8 | I38: =H38/G38 -> 363.15031
A39: 38961 | B39: 48 | C39: 44760.88 | D39: 26 | E39: =D39/B39 -> 0.54166667 | F39: 23 | G39: 5029.74 | H39: 2004961.5 | I39: =H39/G39 -> 398.6213
A40: 38991 | B40: 53 | C40: 36007.87 | D40: 28 | E40: =D40/B40 -> 0.52830189 | F40: 28 | G40: 4383.7 | H40: 1846724.8 | I40: =H40/G40 -> 421.27081
A41: 39022 | B41: 93 | C41: 84329.325 | D41: 43 | E41: =D41/B41 -> 0.46236559 | F41: 38 | G41: 16457.63 | H41: 5058312.4 | I41: =H41/G41 -> 307.35363
... A62: 39661 | B62: 72 | C62: 31893.03 | D62: 72 | E62: =D62/B62 -> 1 | F62: 51 | G62: 7432.76 | H62: 93831700 | I62: =H62/G62 -> 12624.072
A63: 39692 | B63: 0 | C63: 0 | D63: 0 | F63: 0 | G63: 0 | H63: 0 | I63: 0
A64: 39722 | B64: 367 | C64: 245850.3 | D64: 142 | E64: =D64/B64 -> 0.38692098 | F64: 128 | G64: 32685.321 | H64: 43559940 | I64: =H64/G64 -> 1332.7065
A65: 39753 | B65: 155 | C65: 105638.11 | D65: 53 | E65: =D65/B65 -> 0.34193548 | F65: 41 | G65: 8925.374 | H65: 3757649.9 | I65: =H65/G65 -> 421.00756
A66: 39783 | B66: 142 | C66: 112087.56 | D66: 50 | E66: =D66/B66 -> 0.35211268 | F66: 29 | G66: 4268.826 | H66: 1501254.2 | I66: =H66/G66 -> 351.67848
A67: 39814 | B67: 77 | C67: 105817.22 | D67: 24 | E67: =D67/B67 -> 0.31168831 | F67: 18 | G67: 3594.67 | H67: 880837.75 | I67: =H67/G67 -> 245.03995
A68: 39845 | B68: 28 | C68: 34140.23 | D68: 24 | E68: =D68/B68 -> 0.85714286 | F68: 16 | G68: 1612.75 | H68: 604287.82 | I68: =H68/G68 -> 374.69404
A69: 39873 | B69: 45 | C69: 41747.13 | D69: 6 | E69: =D69/B69 -> 0.13333333 | F69: 6 | G69: 2681.87 | H69: 1356773 | I69: =H69/G69 -> 505.90558
A70: 39904 | B70: 64 | C70: 69340.56 | D70: 20 | E70: =D70/B70 -> 0.3125 | F70: 9 | G70: 760.07 | H70: 773943.34 | I70: =H70/G70 -> 1018.2527
A71: 39934 | B71: 62 | C71: 47678.369 | D71: 28 | E71: =D71/B71 -> 0.4516129 | F71: 30 | G71: 11306.49 | H71: 3758375.8 | I71: =H71/G71 -> 332.40872
A72: 39965 | B72: 11 | C72: 6524.502 | D72: 11 | E72: =D72/B72 -> 1 | F72: 11 | G72: 477.502 | H72: 1441487.3 | I72: =H72/G72 -> 3018.8089
A73: 39995 | B73: 49 | C73: 49772.731 | D73: 25 | E73: =D73/B73 -> 0.51020408 | F73: 25 | G73: 5308.001 | H73: 3236429 | I73: =H73/G73 -> 609.72652
A74: 40026 | B74: 43 | C74: 12610.401 | D74: 45 | E74: =D74/B74 -> 1.0465116 | F74: 31 | G74: 2621.833 | H74: 7324454.4 | I74: =H74/G74 -> 2793.6388
A75: 40057 | B75: 5 | C75: 1339.892 | D75: 3 | E75: =D75/B75 -> 0.6 | F75: 3 | G75: 47.092 | H75: 29932 | I75: =H75/G75 -> 635.6069
... A171: 42979 | B171: 15 | C171: 6510.95 | D171: 6 | E171: =D171/B171 -> 0.4 | F171: 4 | G171: 111.5 | H171: 17075 | I171: =H171/G171 -> 153.13901
A172: 43009 | B172: 0 | C172: 0 | D172: 0 | F172: 0 | G172: 0 | H172: 0 | I172: 0
A173: 43040 | B173: 11 | C173: 18097.2 | D173: 4 | E173: =D173/B173 -> 0.36363636 | F173: 4 | G173: 913 | H173: 281157 | I173: =H173/G173 -> 307.94852
A174: 43070 | B174: 7 | C174: 48723.266 | D174: 5 | E174: =D174/B174 -> 0.71428571 | F174: 4 | G174: 232.876 | H174: 63258.78 | I174: =H174/G174 -> 271.64147
A175: 43101 | B175: 32 | C175: 34814.352 | D175: 12 | E175: =D175/B175 -> 0.375 | F175: 11 | G175: 1623.78 | H175: 374166.73 | I175: =H175/G175 -> 230.42945
A176: 43132 | B176: 6 | C176: 8821 | D176: 4 | E176: =D176/B176 -> 0.66666667 | F176: 4 | G176: 579.3 | H176: 178637.5 | I176: =H176/G176 -> 308.36786
A177: 43160 | B177: 9 | C177: 5229.96 | D177: 5 | E177: =D177/B177 -> 0.55555556 | F177: 5 | G177: 646.43 | H177: 194954.31 | I177: =H177/G177 -> 301.58611
A178: 43191 | B178: 7 | C178: 2091.456 | D178: 5 | E178: =D178/B178 -> 0.71428571 | F178: 5 | G178: 229.956 | H178: 229550.45 | I178: =H178/G178 -> 998.2364
A179: 43221 | B179: 26 | C179: 8778 | D179: 24 | E179: =D179/B179 -> 0.92307692 | F179: 7 | G179: 759.16 | H179: 225754.5 | I179: =H179/G179 -> 297.37407
A180: 43252 | B180: 48 | C180: 11498.275 | D180: 26 | E180: =D180/B180 -> 0.54166667 | F180: 26 | G180: 3080.83 | H180: 993668.81 | I180: =H180/G180 -> 322.53283
A181: 43282 | B181: 19 | C181: 7009.66 | D181: 8 | E181: =D181/B181 -> 0.42105263 | F181: 11 | G181: 5484.65 | H181: 4899347.6 | I181: =H181/G181 -> 893.28354
A182: 43313 | B182: 5 | C182: 602.975 | D182: 5 | E182: =D182/B182 -> 1 | F182: 4 | G182: 137.445 | H182: 100355.5 | I182: =H182/G182 -> 730.15024
A183: 43344 | B183: 22 | C183: 16858.076 | D183: 11 | E183: =D183/B183 -> 0.5 | F183: 12 | G183: 1817.36 | H183: 431035 | I183: =H183/G183 -> 237.17645
A184: 43374 | B184: 8 | C184: 2073 | D184: 2 | E184: =D184/B184 -> 0.25 | F184: 3 | G184: 145 | H184: 57532 | I184: =H184/G184 -> 396.77241
... A193: 43647 | B193: 10 | C193: 6853.25 | D193: 9 | E193: =D193/B193 -> 0.9 | F193: 9 | G193: 1589.138 | H193: 555493.3 | I193: =H193/G193 -> 349.55636
A194: 43678 | B194: 1 | C194: 47 | D194: 0 | E194: =D194/B194 -> 0 | F194: 0 | G194: 0 | H194: 0 | I194: 0
A195: 43709 | B195: 19 | C195: 7076.83 | D195: 5 | E195: =D195/B195 -> 0.26315789 | F195: 5 | G195: 575.44 | H195: 138618 | I195: =H195/G195 -> 240.89045
A196: 43739 | B196: 6 | C196: 708170 | D196: 3 | E196: =D196/B196 -> 0.5 | F196: 3 | G196: 272 | H196: 23083 | I196: =H196/G196 -> 84.863971
A197: 43770 | B197: 15 | C197: 12645.64 | D197: 9 | E197: =D197/B197 -> 0.6 | F197: 9 | G197: 320.99 | H197: 131648 | I197: =H197/G197 -> 410.13116
A198: 43800 | B198: 26 | C198: 30952.911 | D198: 4 | E198: =D198/B198 -> 0.15384615 | F198: 4 | G198: 771 | H198: 212523 | I198: =H198/G198 -> 275.64591
A199: 43831 | B199: 19 | C199: 21142.85 | D199: 9 | E199: =D199/B199 -> 0.47368421 | F199: 9 | G199: 1300.617 | H199: 419447.05 | I199: =H199/G199 -> 322.49851
A200: 43862 | B200: 14 | C200: 30110.6 | D200: 2 | E200: =D200/B200 -> 0.14285714 | F200: 2 | G200: 506.86 | H200: 104055 | I200: =H200/G200 -> 205.29337
A201: 43891 | B201: 42 | C201: 36131.809 | D201: 17 | E201: =D201/B201 -> 0.4047619 | F201: 9 | G201: 2599 | H201: 990707 | I201: =H201/G201 -> 381.18776
A202: 43922 | B202: 5 | C202: 917.431 | D202: 1 | E202: =D202/B202 -> 0.2 | F202: 1 | G202: 10 | H202: 15020 | I202: =H202/G202 -> 1502
A203: 43952 | B203: 11 | C203: 3866.76 | D203: 4 | E203: =D203/B203 -> 0.36363636 | F203: 4 | G203: 59.5 | H203: 32410 | I203: =H203/G203 -> 544.70588
A204: 43983 | B204: 1 | C204: 4 | D204: 1 | E204: =D204/B204 -> 1 | F204: 1 | G204: 4 | H204: 804 | I204: =H204/G204 -> 201
A205: 44013 | B205: 8 | C205: 5400 | D205: 6 | E205: =D205/B205 -> 0.75 | F205: 6 | G205: 3040.26 | H205: 1526880 | I205: =H205/G205 -> 502.2202
A206: 44044 | B206: 4 | C206: 761.206 | D206: 3 | E206: =D206/B206 -> 0.75 | F206: 2 | G206: 226.815 | H206: 282875.68 | I206: =H206/G206 -> 1247.1648
... A238: 45017 | B238: 13 | C238: 19697.78 | D238: 8 | E238: =D238/B238 -> 0.61538462 | F238: 11 | G238: 1200.68 | H238: 321378.2 | I238: =H238/G238 -> 267.66349
A241: SONRIS Source Reports:
A242: Lease Sale Summary
A243: Lease Sale Fiscal Year
A244: YTD Tracts and Acreage Report
A245: Tract Sheets
A249: Average Bonus per Acre
A250: Year | B250: Jan | C250: Feb | D250: March | E250: April | F250: May | G250: June | H250: July | I250: Aug | J250: Sept | K250: Oct | L250: Nov | M250: Dec
A251: 2004 | B251: 298.38594 | C251: 305.78418 | D251: 200.44032 | E251: 270.15399 | F251: 253.26677 | G251: 350.42694 | H251: 351.46219 | I251: 289.13276 | J251: 303.59102 | K251: 507.72338 | L251: 228.60132 | M251: 273.72934
A252: 2005 | B252: 322.19386 | C252: 361.76485 | D252: 327.08604 | E252: 372.33219 | F252: 495.47983 | G252: 304.08625 | H252: 364.46789 | I252: 338.03699 | J252: 311.43221 | K252: 237.37621 | L252: 359.71789 | M252: 470.83662
A253: 2006 | B253: 355.06043 | C253: 461.62706 | D253: 412.22593 | E253: 485.71 | F253: 358.27 | G253: =+I36 -> 272.64673 | H253: =+I37 -> 323.75531 | I253: 363.15 | J253: 398.62 | K253: =+I40 -> 421.27081 | L253: =+I41 -> 307.35363 | M253: =+I42 -> 493.14227
A254: 2007 | B254: =+I43 -> 537.257 | C254: =+I44 -> 1035.231 | D254: 428.13 | E254: 322.25 | F254: 768.47 | G254: 495 | H254: 296.79 | I254: 268.16 | J254: 627.98 | K254: 1121.59 | L254: 387.46 | M254: 265.28
A255: 2008 | B255: 236.96 | C255: 308.18 | D255: 230.79 | E255: 406.18 | F255: 489.35 | G255: 3636.81 | H255: 7430.16 | I255: 12624.07 | J255: 0 | K255: 1332.71 | L255: 421.01 | M255: 351.68
A256: 2009 | B256: 245.04 | C256: 374.69404 | D256: 505.91 | E256: 1018.25 | F256: 332.40872 | G256: 3018.8089 | H256: 609.72652 | I256: 2793.64 | J256: 635.61 | K256: 7559.5 | L256: 1920.4168 | M256: 1178.2785
A257: 2010 | B257: 505.54118 | C257: 3698.9399 | D257: 1877.7161 | E257: 1327.9653 | F257: 415.47814 | G257: 2580.0551 | H257: 3329.052 | I257: 538.78424 | J257: 1147.3081 | K257: 871.75507 | L257: 2652.4419 | M257: 530.59121
A258: 2011 | B258: 415.457 | C258: 716.25462 | D258: 728.63697 | E258: 562.04104 | F258: 277.52386 | G258: 721.21521 | H258: 691.85701 | I258: 379.1121 | J258: 261.06124 | K258: 359.11 | L258: 319.53207 | M258: 295.00075
A259: 2012 | B259: 355.88777 | C259: 455.87542 | D259: 289.89317 | E259: 330.0986 | F259: 505.99171 | G259: 474.79255 | H259: 324.53845 | I259: 424.60378 | J259: 514.46856 | K259: 455.24544 | L259: 648.41106 | M259: 482.66612
A260: 2013 | B260: 667.45937 | C260: 326.66644 | D260: 355.84217 | E260: 449.27777 | F260: 475.26099 | G260: 603.7567 | H260: 392.39439 | I260: 452.41772 | J260: 397.81308 | K260: 261.78233 | L260: 390.15893 | M260: 293.64367
...

Sheet Disposition Month
C3: ROYALTY
B4: Oil | C4: Gas | D4: Plant Products
A5: 44562 | B5: 9008524.2 | C5: 7501311.7 | D5: 609753.64
A6: 44593 | B6: 9183346.1 | C6: 8433379.4 | D6: 585055.65
A7: 44621 | B7: 12643933 | C7: 8222084.5 | D7: 918089.57
A8: 44652 | B8: 13500149 | C8: 10243940 | D8: 738342.19
A9: 44682 | B9: 14491566 | C9: 13651014 | D9: 726892.76
A10: 44713 | B10: 14512148 | C10: 15716558 | D10: 705567.35
A11: 44743 | B11: 13280084 | C11: 12435842 | D11: 623347.73
A12: 44774 | B12: 11807457 | C12: 14432161 | D12: 495786.41
A13: 44805 | B13: 10017922 | C13: 15309289 | D13: 460925.4
A14: 44835 | B14: 11758616 | C14: 11232368 | D14: 365660.79
A15: 44866 | B15: 10679349 | C15: 9407579.1 | D15: 335077.34
A16: 44896 | B16: 9425891.2 | C16: 10937689 | D16: 227857.89
A17: 44927 | B17: 9007442.9 | C17: 6480760.5 | D17: 266622.01
A19: Total | B19: =SUM(B5:B18) -> 1.4931643e+08 | C19: =SUM(C5:C18) -> 1.4400398e+08 | D19: =SUM(D5:D18) -> 7058978.7
A27: Oil | M27: Oil Royalty
A29: Disp_Date | B29: Override_Amt | C29: Regular_Amt | D29: Royalty | E29: Net_Value_Amt | F29: Product | G29: Product_Volume | H29: Calculated_Price | I29: Severance Tax | J29: Deduction Amt | N29: January | O29: February | P29: March | Q29: April | R29: May | S29: June | T29: July | U29: August | V29: September | W29: October | X29: November | Y29: December
A30: 37987 | B30: 72088.47 | C30: 11056581 | D30: 11128670 | E30: 11129005 | F30: 10 | G30: 439528.96 | H30: 28.568248 | I30: 1427566.9 | J30: 0 | M30: 2004 | N30: 11128670 | O30: 10402214 | P30: 11906216 | Q30: 11614220 | R30: 12494366 | S30: 11536288 | T30: 12561536 | U30: 13762148 | V30: 9938887.7 | W30: 13180010 | X30: 13187127 | Y30: 12046402 | Z30: =SUM(N30:Y30) -> 1.4375809e+08
A31: 38018 | B31: 69929.15 | C31: 10332285 | D31: 10402214 | E31: 10375394 | F31: 10 | G31: 352554.18 | H31: 31.289359 | I31: 655800.43 | J31: 0 | M31: 2005 | N31: 13292426 | O31: 12987630 | P31: 16106665 | Q31: 15603760 | R31: 14952848 | S31: 15850380 | T31: 15765808 | U31: 16617157 | V31: 4387956.3 | W31: 5818173.3 | X31: 8328168.8 | Y31: 9913584.9 | Z31: =SUM(N31:Y31) -> 1.4962456e+08
A32: 38047 | B32: 92792.61 | C32: 11813424 | D32: 11906216 | E32: 11774779 | F32: 10 | G32: 388250.31 | H32: 34.335926 | I32: 1556155 | J32: 0 | M32: 2006 | N32: 12627941 | O32: 11709444 | P32: 13454279 | Q32: 15318759 | R32: 16835017 | S32: 18112664 | T32: 20466479 | U32: 21136410 | V32: 18610671 | W32: 16986854 | X32: 17163999 | Y32: 18889791 | Z32: =SUM(N32:Y32) -> 2.0131231e+08
A33: 38078 | B33: 163259.72 | C33: 11450960 | D33: 11614220 | E33: 11618034 | F33: 10 | G33: 371664.95 | H33: 35.530114 | I33: 1587264.4 | J33: 0 | M33: 2007 | N33: 18129452 | O33: 17092104 | P33: 20739889 | Q33: 21335908 | R33: 22398688 | S33: 22950566 | T33: 25622435 | U33: 23995981 | V33: 25178592 | W33: 28607643 | X33: 30756062 | Y33: 31762558 | Z33: =SUM(N33:Y33) -> 2.8856988e+08
A34: 38108 | B34: 1414418.5 | C34: 11079947 | D34: 12494366 | E34: 12700211 | F34: 10 | G34: 376944.42 | H34: 38.14828 | I34: 1679570.2 | J34: 0 | M34: 2008 | N34: 30136087 | O34: 29728972 | P34: 33639991 | Q34: 38219993 | R34: 44592336 | S34: 46250247 | T34: 48137351 | U34: 40013576 | V34: 12511429 | W34: 20819628 | X34: 17313236 | Y34: 11256458 | Z34: =SUM(N34:Y34) -> 3.726193e+08
A35: 38139 | B35: 76635.93 | C35: 11459652 | D35: 11536288 | E35: 11556570 | F35: 10 | G35: 364373.39 | H35: 35.918956 | I35: 1531341.7 | J35: 0 | M35: 2009 | N35: 10974773 | O35: 9585016.4 | P35: 13804092 | Q35: 13850569 | R35: 17031598 | S35: 19180684 | T35: 18356637 | U35: 20653848 | V35: 20887409 | W35: 23724229 | X35: 20885603 | Y35: 22274267 | Z35: =SUM(N35:Y35) -> 2.1120873e+08
A36: 38169 | B36: 133291.7 | C36: 12428244 | D36: 12561536 | E36: 12613764 | F36: 10 | G36: 373376.37 | H36: 38.173056 | I36: 1639152.8 | J36: 0 | M36: 2010 | N36: 20939723 | O36: 20766449 | P36: 22490281 | Q36: 22515723 | R36: 21895271 | S36: 21607468 | T36: 22531861 | U36: 23336451 | V36: 22284589 | W36: 25235796 | X36: 22945479 | Y36: 25970736 | Z36: =SUM(N36:Y36) -> 2.7251983e+08
A37: 38200 | B37: 111491.44 | C37: 13650657 | D37: 13762148 | E37: 13770187 | F37: 10 | G37: 374957.05 | H37: 41.488565 | I37: 1786243 | J37: 0 | M37: 2011 | N37: 23581578 | O37: 25009763 | P37: 35042940 | Q37: 34959862 | R37: 33269957 | S37: 30584919 | T37: 31904247 | U37: 31421576 | V37: 28570596 | W37: 35054031 | X37: 36290978 | Y37: 35628942 | Z37: =SUM(N37:Y37) -> 3.8131939e+08
A38: 38231 | B38: 110747.4 | C38: 9828140.3 | D38: 9938887.7 | E38: 9938532.2 | F38: 10 | G38: 252648.35 | H38: 44.554064 | I38: 1317978.5 | J38: 0 | M38: 2012 | N38: 34063382 | O38: 30100852 | P38: 36263825 | Q38: 35920633 | R38: 34164723 | S38: 27470921 | T38: 30686493 | U38: 27525787 | V38: 24636808 | W38: 32097116 | X38: 31288007 | Y38: 33595184 | Z38: =SUM(N38:Y38) -> 3.7781373e+08
A39: 38261 | B39: 80173.98 | C39: 13099836 | D39: 13180010 | E39: 13185912 | F39: 10 | G39: 294836.09 | H39: 50.661799 | I39: 1751014.9 | J39: 0 | M39: 2013 | N39: 34563915 | O39: 30747752 | P39: 33960902 | Q39: 32330707 | R39: 32810833 | S39: 31029317 | T39: 34233087 | U39: 35065468 | V39: 33322773 | W39: 29311047 | X39: 26832942 | Y39: 29477181 | Z39: =SUM(N39:Y39) -> 3.8368592e+08
A40: 38292 | B40: 48500.8 | C40: 13138626 | D40: 13187127 | E40: 13187616 | F40: 10 | G40: 306161.9 | H40: 48.094118 | I40: 1536970.3 | J40: 0 | M40: 2014 | N40: 26784807 | O40: 26021206 | P40: 31008116 | Q40: 28415344 | R40: 30484326 | S40: 30753650 | T40: 29960524 | U40: 28387618 | V40: 26946661 | W40: 24402972 | X40: 20879045 | Y40: 17268976 | Z40: =SUM(N40:Y40) -> 3.2131325e+08
A41: 38322 | B41: 45252.1 | C41: 12001150 | D41: 12046402 | E41: 12060722 | F41: 10 | G41: 325615.35 | H41: 41.870904 | I41: 1573086.8 | J41: 0 | M41: 2015 | N41: 13001178 | O41: 12146375 | P41: 12847770 | Q41: 14432881 | R41: 15842940 | S41: 15572216 | T41: 13223834 | U41: 11123541 | V41: 10761479 | W41: 11025392 | X41: 9316447.4 | Y41: 8121714.2 | Z41: =SUM(N41:Y41) -> 1.4741577e+08
... A48: 38534 | B48: 131069.03 | C48: 15634739 | D48: 15765808 | E48: 15752402 | F48: 10 | G48: 319254.64 | H48: 55.683981 | I48: 2024966.8 | J48: 0 | M48: 2022 | N48: 9008524.2 | O48: 9183346.1 | P48: 12643933 | Q48: 13500149 | R48: 14491566 | S48: 14512148 | T48: 13280084 | U48: 11807457 | V48: 10017922 | W48: 11758616 | X48: 10679349 | Y48: 9425891.2 | Z48: =SUM(N48:Y48) -> 1.4030898e+08
A49: 38565 | B49: 148707.13 | C49: 16468450 | D49: 16617157 | E49: 16695564 | F49: 10 | G49: 315616.44 | H49: 59.983583 | I49: 2236240.9 | J49: 0 | M49: 2023 | N49: 9007442.9 | Z49: =SUM(N49:Y49) -> 9007442.9
A50: 38596 | B50: 24981.72 | C50: 4362974.6 | D50: 4387956.3 | E50: 4400085.1 | F50: 10 | G50: 78702.698 | H50: 62.885847 | I50: 549200.82 | J50: 0
A51: 38626 | B51: 40298.98 | C51: 5777874.3 | D51: 5818173.3 | E51: 5806491.9 | F51: 10 | G51: 114538.45 | H51: 56.971685 | I51: 718956.62 | J51: 0 | M51: Oil Volume
A52: 38657 | B52: 46091.11 | C52: 8282077.7 | D52: 8328168.8 | E52: 8330037.3 | F52: 10 | G52: 180921.9 | H52: 51.99165 | I52: 1076390.6 | J52: 0
A53: 38687 | B53: 56854.26 | C53: 9856730.6 | D53: 9913584.9 | E53: 9907885.3 | F53: 10 | G53: 197290.88 | H53: 56.741527 | I53: 1286700.2 | J53: 0 | N53: January | O53: February | P53: March | Q53: April | R53: May | S53: June | T53: July | U53: August | V53: September | W53: October | X53: November | Y53: December
A54: 38718 | B54: 59001.7 | C54: 12568939 | D54: 12627941 | E54: 12627708 | F54: 10 | G54: 230553.14 | H54: 61.637295 | I54: 1582964.5 | J54: 0 | M54: 2004 | N54: 439528.96 | O54: 352554.18 | P54: 388250.31 | Q54: 371664.95 | R54: 376944.42 | S54: 364373.39 | T54: 373376.37 | U54: 374957.05 | V54: 252648.35 | W54: 294836.09 | X54: 306161.9 | Y54: 325615.35 | Z54: =SUM(N54:Y54) -> 4220911.3
A55: 38749 | B55: 64632.38 | C55: 11644812 | D55: 11709444 | E55: 11711611 | F55: 10 | G55: 221290.46 | H55: 59.215708 | I55: 1392259.9 | J55: 0 | M55: 2005 | N55: 346534.82 | O55: 319401.76 | P55: 326574.2 | Q55: 404282.73 | R55: 376916.31 | S55: 358886.39 | T55: 319254.64 | U55: 315616.44 | V55: 78702.698 | W55: 114538.45 | X55: 180921.9 | Y55: 197290.88 | Z55: =SUM(N55:Y55) -> 3338921.2
A56: 38777 | B56: 35170.64 | C56: 13419109 | D56: 13454279 | E56: 13502961 | F56: 10 | G56: 249233.35 | H56: 60.87179 | I56: 1668319.5 | J56: 0 | M56: 2006 | N56: 230553.14 | O56: 221290.46 | P56: 249233.35 | Q56: 283338.5 | R56: 275598.76 | S56: 300558.28 | T56: 317273.17 | U56: 336148.3 | V56: 309714.8 | W56: 358167.35 | X56: 348876.46 | Y56: 372942.7 | Z56: =SUM(N56:Y56) -> 3603695.3
A57: 38808 | B57: 44967.89 | C57: 15273791 | D57: 15318759 | E57: 15321712 | F57: 10 | G57: 283338.5 | H57: 60.821583 | I57: 1911384 | J57: 0 | M57: 2007 | N57: 369686.74 | O57: 334445.28 | P57: 381894.43 | Q57: 380620.57 | R57: 394922.14 | S57: 386951.94 | T57: 384343.37 | U57: 372200.98 | V57: 369099.64 | W57: 390100.07 | X57: 381339.32 | Y57: 404072.87 | Z57: =SUM(N57:Y57) -> 4549677.4
A58: 38838 | B58: 57591.61 | C58: 16777426 | D58: 16835017 | E58: 16827626 | F58: 10 | G58: 275598.76 | H58: 68.652002 | I58: 2092780 | J58: 0 | M58: 2008 | N58: 361179.56 | O58: 362298.87 | P58: 444589.56 | Q58: 390368.81 | R58: 411263.35 | S58: 386822 | T58: 432048.85 | U58: 391784.93 | V58: 135416.92 | W58: 295684.93 | X58: 331775.5 | Y58: 358333.34 | Z58: =SUM(N58:Y58) -> 4301566.6
A59: 38869 | B59: 32023.66 | C59: 18080640 | D59: 18112664 | E59: 18100659 | F59: 10 | G59: 300558.28 | H59: 67.648169 | I59: 2231558.2 | J59: 0 | M59: 2009 | N59: 335999.29 | O59: 298096.23 | P59: 343406.4 | Q59: 340943.82 | R59: 346131.21 | S59: 338470.93 | T59: 337663.91 | U59: 337300.83 | V59: 347860.55 | W59: 368418.33 | X59: 319930.81 | Y59: 380201.66 | Z59: =SUM(N59:Y59) -> 4094424
A60: 38899 | B60: 54126.34 | C60: 20412353 | D60: 20466479 | E60: 20468342 | F60: 10 | G60: 317273.17 | H60: 72.585351 | I60: 2561042.5 | J60: 0 | M60: 2010 | N60: 306331.07 | O60: 305578.48 | P60: 325698.63 | Q60: 328811.55 | R60: 324519.79 | S60: 315482.03 | T60: 328812.16 | U60: 367858.64 | V60: 327870.72 | W60: 347353.03 | X60: 307710.35 | Y60: 326418.77 | Z60: =SUM(N60:Y60) -> 3912445.2
A61: 38930 | B61: -37182.5 | C61: 21173593 | D61: 21136410 | E61: 21153445 | F61: 10 | G61: 336148.3 | H61: 70.82764 | I61: 2655145.9 | J61: 0 | M61: 2011 | N61: 289933.8 | O61: 300448.12 | P61: 350333.93 | Q61: 324508.42 | R61: 325166.87 | S61: 313539.41 | T61: 317672.23 | U61: 344112.03 | V61: 297685.97 | W61: 346547.7 | X61: 339844.17 | Y61: 351073.06 | Z61: =SUM(N61:Y61) -> 3900865.7
A62: 38961 | B62: 66551.15 | C62: 18544120 | D62: 18610671 | E62: 18354156 | F62: 10 | G62: 309714.8 | H62: 67.089713 | I62: 2424520.9 | J62: 0 | M62: 2012 | N62: 350153.21 | O62: 303701.98 | P62: 331411.34 | Q62: 328742.29 | R62: 338444.93 | S62: 322440.18 | T62: 349392.99 | U62: 291191.01 | V62: 251369.63 | W62: 344344.08 | X62: 335227.4 | Y62: 352771.3 | Z62: =SUM(N62:Y62) -> 3899190.3
A63: 38991 | B63: 51719.63 | C63: 16935135 | D63: 16986854 | E63: 17210528 | F63: 10 | G63: 358167.35 | H63: 54.498823 | I63: 2309171.1 | J63: 0 | M63: 2013 | N63: 345022.84 | O63: 311610.63 | P63: 344201.78 | Q63: 328382.32 | R63: 345619.08 | S63: 337212.73 | T63: 327400.15 | U63: 357765.66 | V63: 343390.46 | W63: 328246.63 | X63: 314843.48 | Y63: 339859.11 | Z63: =SUM(N63:Y63) -> 4023554.9
A64: 39022 | B64: 52153.11 | C64: 17111846 | D64: 17163999 | E64: 17168837 | F64: 10 | G64: 348876.46 | H64: 55.702139 | I64: 2264328.2 | J64: 0 | M64: 2014 | N64: 310177.35 | O64: 274652.33 | P64: 335116.43 | Q64: 307521.32 | R64: 334343.34 | S64: 328630.73 | T64: 323590.56 | U64: 324534.25 | V64: 318022.33 | W64: 321309.79 | X64: 305307.6 | Y64: 319589.17 | Z64: =SUM(N64:Y64) -> 3802795.2
A65: 39052 | B65: 82467.22 | C65: 18807324 | D65: 18889791 | E65: 18889803 | F65: 10 | G65: 372942.7 | H65: 57.291085 | I65: 2476488.4 | J65: 0 | M65: 2015 | N65: 312959.44 | O65: 283462.57 | P65: 301291.42 | Q65: 294689.43 | R65: 296244.1 | S65: 282981.39 | T65: 286050.75 | U65: 288226.99 | V65: 264589.35 | W65: 272973.36 | X65: 261223.41 | Y65: 264576.74 | Z65: =SUM(N65:Y65) -> 3409269
... A72: 39264 | B72: 151342.13 | C72: 25471093 | D72: 25622435 | E72: 25622397 | F72: 10 | G72: 384343.37 | H72: 75.189305 | I72: 3276113.4 | J72: 0 | M72: 2022 | N72: 125631.55 | O72: 115275.4 | P72: 132353.13 | Q72: 148087.29 | R72: 150711.82 | S72: 144146.03 | T72: 152229.5 | U72: 143998.31 | V72: 132662.4 | W72: 152696.6 | X72: 142990.32 | Y72: 136318.97 | Z72: =SUM(N72:Y72) -> 1677101.3
A73: 39295 | B73: 291585.16 | C73: 23704396 | D73: 23995981 | E73: 23995965 | F73: 10 | G73: 372200.98 | H73: 72.860272 | I73: 3122699.5 | J73: 0 | M73: 2023 | N73: 136640.83 | Z73: =SUM(N73:Y73) -> 136640.83
A74: 39326 | B74: 257254.36 | C74: 24921338 | D74: 25178592 | E74: 25200367 | F74: 10 | G74: 369099.64 | H74: 77.119176 | I74: 3264293.1 | J74: 0
A75: 39356 | B75: 303569.55 | C75: 28304073 | D75: 28607643 | E75: 28607672 | F75: 10 | G75: 390100.07 | H75: 82.991938 | I75: 3767489.4 | J75: 0
A76: 39387 | B76: 248031.04 | C76: 30508031 | D76: 30756062 | E76: 30722555 | F76: 10 | G76: 381339.32 | H76: 90.97679 | I76: 3970472.5 | J76: 0
A77: 39417 | B77: 298788 | C77: 31463770 | D77: 31762558 | E77: 31762845 | F77: 10 | G77: 404072.87 | H77: 90.17706 | I77: 4675258.9 | J77: 0
A78: 39448 | B78: 242398.75 | C78: 29893688 | D78: 30136087 | E78: 30136258 | F78: 10 | G78: 361179.56 | H78: 94.152385 | I78: 3869659.1 | J78: 0
A79: 39479 | B79: 227402.95 | C79: 29501569 | D79: 29728972 | E79: 30198202 | F79: 10 | G79: 362298.87 | H79: 93.877896 | I79: 3813654 | J79: 0
A80: 39508 | B80: 239305.9 | C80: 33400685 | D80: 33639991 | E80: 33671762 | F80: 10 | G80: 444589.56 | H80: 85.446162 | I80: 4316710.2 | J80: 0
A81: 39539 | B81: 313377.59 | C81: 37906616 | D81: 38219993 | E81: 38316107 | F81: 10 | G81: 390368.81 | H81: 110.74676 | I81: 4915976.2 | J81: 0
A82: 39569 | B82: 417273.8 | C82: 44175063 | D82: 44592336 | E82: 44592202 | F82: 10 | G82: 411263.35 | H82: 121.81491 | I82: 5505804.9 | J82: 0
A83: 39600 | B83: 558351.15 | C83: 45691896 | D83: 46250247 | E83: 46250270 | F83: 10 | G83: 386822 | H83: 134.57324 | I83: 5805620.7 | J83: 0
A84: 39630 | B84: 754926.66 | C84: 47382424 | D84: 48137351 | E84: 48194950 | F84: 10 | G84: 432048.85 | H84: 126.12201 | I84: 6295921.4 | J84: 0
A85: 39661 | B85: 293720.6 | C85: 39719855 | D85: 40013576 | E85: 40090763 | F85: 10 | G85: 391784.93 | H85: 115.99459 | I85: 5354168.9 | J85: 0
... A258: 44927 | B258: 144493.5 | C258: 8862949.4 | D258: 9007442.9 | E258: 9007442.1 | F258: 10 | G258: 136640.83 | H258: 75.121991 | I258: 1257289.4 | J258: 0
D261: =SUM(D30:D260) -> 4.0408842e+09 | G261: =SUM(G30:G260) -> 62613252
D262: =Z30+Z31+Z32+Z33+Z34+Z35+Z36+Z37+Z38+Z39+Z40+Z41+Z42+Z43+Z44+Z45+Z46+Z47+Z48+Z49 -> 4.0408842e+09 | G262: =+Z54+Z55+Z56+Z57+Z58+Z59+Z60+Z61+Z62+Z63+Z64+Z65+Z66+Z67+Z68+Z69+Z70+Z71+Z72+Z73 -> 62613252
A263: Gas
M264: Gas Royalty
A265: Disp_Date | B265: Override_Amt | C265: Regular_Amt | D265: Royalty | E265: Net_Value_Amt | F265: Product | G265: Product_Volume | H265: Calculated_Price | I265: Severance Tax | J265: Deduction Amt
A266: 37987 | B266: 195489.59 | C266: 25007281 | D266: 25202771 | E266: 25144197 | F266: 20 | G266: 4140584.4 | H266: 6.2311394 | I266: 656361.08 | J266: 0 | N266: January | O266: February | P266: March | Q266: April | R266: May | S266: June | T266: July | U266: August | V266: September | W266: October | X266: November | Y266: December
A267: 38018 | B267: 242588.25 | C267: 21470894 | D267: 21713482 | E267: 22793545 | F267: 20 | G267: 3759594.1 | H267: 6.2454215 | I267: 686704.2 | J267: 0 | M267: 2004 | N267: 25202771 | O267: 21713482 | P267: 21545450 | Q267: 22377863 | R267: 24492404 | S267: 26209022 | T267: 25507011 | U267: 23902637 | V267: 16416773 | W267: 21431923 | X267: 24831129 | Y267: 25639168 | Z267: =SUM(N267:Y267) -> 2.7926963e+08
A268: 38047 | B268: 140069.07 | C268: 21405380 | D268: 21545450 | E268: 21545931 | F268: 20 | G268: 4059346 | H268: 5.4696483 | I268: 657264.04 | J268: 0 | M268: 2005 | N268: 22368429 | O268: 20647582 | P268: 24209280 | Q268: 25822884 | R268: 24749852 | S268: 22750395 | T268: 24383630 | U268: 25909986 | V268: 15277100 | W268: 20489246 | X268: 26049180 | Y268: 33028146 | Z268: =SUM(N268:Y268) -> 2.8568571e+08
A269: 38078 | B269: 1157304.7 | C269: 21220559 | D269: 22377863 | E269: 22483461 | F269: 20 | G269: 4086536.6 | H269: 5.6641315 | I269: 663219.21 | J269: 0 | M269: 2006 | N269: 31017469 | O269: 24066702 | P269: 23328765 | Q269: 23637002 | R269: 24362339 | S269: 23050111 | T269: 23014408 | U269: 26824507 | V269: 21299765 | W269: 17825794 | X269: 25667800 | Y269: 27266023 | Z269: =SUM(N269:Y269) -> 291360685
A270: 38108 | B270: 289092.82 | C270: 24203312 | D270: 24492404 | E270: 24693479 | F270: 20 | G270: 3978747.4 | H270: 6.3622898 | I270: 620465.27 | J270: 0 | M270: 2007 | N270: 20960326 | O270: 24034082 | P270: 27862427 | Q270: 27273585 | R270: 29913047 | S270: 28088097 | T270: 25094873 | U270: 22279593 | V270: 20615151 | W270: 24860753 | X270: 26383797 | Y270: 28234750 | Z270: =SUM(N270:Y270) -> 3.0560048e+08
A271: 38139 | B271: 260453.09 | C271: 25948569 | D271: 26209022 | E271: 26277592 | F271: 20 | G271: 3983946.1 | H271: 6.7728785 | I271: 705191.43 | J271: 0 | M271: 2008 | N271: 29486849 | O271: 30369686 | P271: 36142468 | Q271: 37486384 | R271: 50872288 | S271: 56143405 | T271: 58049946 | U271: 38127222 | V271: 13595361 | W271: 24541823 | X271: 25653194 | Y271: 19967337 | Z271: =SUM(N271:Y271) -> 4.2043596e+08
A272: 38169 | B272: 195997.68 | C272: 25311013 | D272: 25507011 | E272: 25491325 | F272: 20 | G272: 4165204 | H272: 6.3115529 | I272: 797580.83 | J272: 0 | M272: 2009 | N272: 19332908 | O272: 14750940 | P272: 13691776 | Q272: 12154573 | R272: 13047029 | S272: 12341954 | T272: 11774677 | U272: 10645920 | V272: 8762438.9 | W272: 12459295 | X272: 11704226 | Y272: 15248798 | Z272: =SUM(N272:Y272) -> 1.5591454e+08
A273: 38200 | B273: 178792.29 | C273: 23723844 | D273: 23902637 | E273: 23905546 | F273: 20 | G273: 4100591.1 | H273: 6.0239876 | I273: 796364.03 | J273: 0 | M273: 2010 | N273: 17420543 | O273: 14454616 | P273: 11695157 | Q273: 12242997 | R273: 12955718 | S273: 14781702 | T273: 16011353 | U273: 14932041 | V273: 11759578 | W273: 11495559 | X273: 10328914 | Y273: 15028509 | Z273: =SUM(N273:Y273) -> 1.6310669e+08
A274: 38231 | B274: 158389.72 | C274: 16258384 | D274: 16416773 | E274: 16505942 | F274: 20 | G274: 3249916.4 | H274: 5.2734019 | I274: 632173.01 | J274: 0 | M274: 2011 | N274: 15628641 | O274: 13669618 | P274: 15109936 | Q274: 15790804 | R274: 15244550 | S274: 15318259 | T274: 15795212 | U274: 15606592 | V274: 13172474 | W274: 13454100 | X274: 12206226 | Y274: 12406252 | Z274: =SUM(N274:Y274) -> 1.7340266e+08
A275: 38261 | B275: 120725.07 | C275: 21311198 | D275: 21431923 | E275: 21404627 | F275: 20 | G275: 3657942.9 | H275: 6.0845123 | I275: 852171.9 | J275: 0 | M275: 2012 | N275: 10573777 | O275: 8909926.3 | P275: 8353393.8 | Q275: 7279677.2 | R275: 8207420.1 | S275: 8549547.3 | T275: 10759600 | U275: 9466728.3 | V275: 9475142.5 | W275: 12308494 | X275: 13709823 | Y275: 14151633 | Z275: =SUM(N275:Y275) -> 1.2174516e+08
A276: 38292 | B276: 145826.67 | C276: 24685303 | D276: 24831129 | E276: 24817428 | F276: 20 | G276: 3631156 | H276: 7.0267647 | I276: 697850.63 | J276: 0 | M276: 2013 | N276: 12914472 | O276: 11426950 | P276: 14383084 | Q276: 14227862 | R276: 16313062 | S276: 13875057 | T276: 13326385 | U276: 12121772 | V276: 12934246 | W276: 11884858 | X276: 11453161 | Y276: 13780047 | Z276: =SUM(N276:Y276) -> 1.5864095e+08
A277: 38322 | B277: 162596.46 | C277: 25476572 | D277: 25639168 | E277: 25617225 | F277: 20 | G277: 3430954.9 | H277: 7.6585953 | I277: 659070.56 | J277: 0 | M277: 2014 | N277: 14126351 | O277: 16897553 | P277: 16120634 | Q277: 15194105 | R277: 16104811 | S277: 14950566 | T277: 12313020 | U277: 12738530 | V277: 12890560 | W277: 12250710 | X277: 12310634 | Y277: 11923834 | Z277: =SUM(N277:Y277) -> 1.6782131e+08
A278: 38353 | B278: 132920.77 | C278: 22235508 | D278: 22368429 | E278: 22380586 | F278: 20 | G278: 3612981.4 | H278: 6.3717466 | I278: 640415.99 | J278: 0 | M278: 2015 | N278: 9866708.3 | O278: 7343937 | P278: 7752468.2 | Q278: 7264132.9 | R278: 8286357.8 | S278: 8068532.3 | T278: 8103419.6 | U278: 7822705.7 | V278: 6650672.7 | W278: 6233619.6 | X278: 4853370.1 | Y278: 4615331.7 | Z278: =SUM(N278:Y278) -> 86861256
... A285: 38565 | B285: 172810.49 | C285: 25737176 | D285: 25909986 | E285: 25909757 | F285: 20 | G285: 3031947.4 | H285: 8.7865188 | I285: 730505.76 | J285: 0 | M285: 2022 | N285: 7501311.7 | O285: 8433379.4 | P285: 8222084.5 | Q285: 10243940 | R285: 13651014 | S285: 15716558 | T285: 12435842 | U285: 14432161 | V285: 15309289 | W285: 11232368 | X285: 9407579.1 | Y285: 10937689 | Z285: =SUM(N285:Y285) -> 1.3752322e+08
A286: 38596 | B286: 150715.19 | C286: 15126385 | D286: 15277100 | E286: 14719992 | F286: 20 | G286: 1265285.8 | H286: 11.853807 | I286: 278461.85 | J286: 0 | M286: 2023 | N286: 6480760.5 | Z286: =SUM(N286:Y286) -> 6480760.5
A287: 38626 | B287: 142349.97 | C287: 20346897 | D287: 20489246 | E287: 20453907 | F287: 20 | G287: 1438127 | H287: 14.45948 | I287: 340661.93 | J287: 0
A288: 38657 | B288: 143148.47 | C288: 25906032 | D288: 26049180 | E288: 26082691 | F288: 20 | G288: 2262047.9 | H288: 11.750995 | I288: 498621.66 | J288: 0 | M288: Gas Volume
A289: 38687 | B289: 63914.77 | C289: 32964232 | D289: 33028146 | E289: 33421958 | F289: 20 | G289: 2736529.2 | H289: 12.44762 | I289: 641317.56 | J289: 0
A290: 38718 | B290: 193147.57 | C290: 30824322 | D290: 31017469 | E290: 30071526 | F290: 20 | G290: 2941423.7 | H290: 10.458146 | I290: 690312.18 | J290: 0 | N290: January | O290: February | P290: March | Q290: April | R290: May | S290: June | T290: July | U290: August | V290: September | W290: October | X290: November | Y290: December
A291: 38749 | B291: 121252.3 | C291: 23945449 | D291: 24066702 | E291: 32120171 | F291: 20 | G291: 2932545.2 | H291: 11.160557 | I291: 608665.63 | J291: 0 | M291: 2004 | N291: 4140584.4 | O291: 3759594.1 | P291: 4059346 | Q291: 4086536.6 | R291: 3978747.4 | S291: 3983946.1 | T291: 4165204 | U291: 4100591.1 | V291: 3249916.4 | W291: 3657942.9 | X291: 3631156 | Y291: 3430954.9 | Z291: =SUM(N291:Y291) -> 46244520
A292: 38777 | B292: 146782.45 | C292: 23181982 | D292: 23328765 | E292: 23305937 | F292: 20 | G292: 3267199.1 | H292: 7.3193784 | I292: 607929.3 | J292: 0 | M292: 2005 | N292: 3612981.4 | O292: 3267548.9 | P292: 3623353 | Q292: 3480567.2 | R292: 3610262.7 | S292: 3483852.8 | T292: 3412517.6 | U292: 3031947.4 | V292: 1265285.8 | W292: 1438127 | X292: 2262047.9 | Y292: 2736529.2 | Z292: =SUM(N292:Y292) -> 35225021
A293: 38808 | B293: 173272.49 | C293: 23463730 | D293: 23637002 | E293: 23591107 | F293: 20 | G293: 3270896.7 | H293: 7.431357 | I293: 716093.83 | J293: 0 | M293: 2006 | N293: 2941423.7 | O293: 2932545.2 | P293: 3267199.1 | Q293: 3270896.7 | R293: 3508767.2 | S293: 3738018 | T293: 3725617.5 | U293: 3725817.1 | V293: 3643661.9 | W293: 3724272.3 | X293: 3507277.9 | Y293: 3585457.2 | Z293: =SUM(N293:Y293) -> 41570954
A294: 38838 | B294: 172418.76 | C294: 24189920 | D294: 24362339 | E294: 24306792 | F294: 20 | G294: 3508767.2 | H294: 7.1287735 | I294: 706415.06 | J294: 0 | M294: 2007 | N294: 3431417.7 | O294: 3187283.1 | P294: 3758706.9 | Q294: 3532409 | R294: 3847360.7 | S294: 3801646.9 | T294: 3781746.7 | U294: 3496860.9 | V294: 3473362.7 | W294: 3833954.6 | X294: 3398892.2 | Y294: 3696247.7 | Z294: =SUM(N294:Y294) -> 43239889
A295: 38869 | B295: 153521.24 | C295: 22896590 | D295: 23050111 | E295: 23053983 | F295: 20 | G295: 3738018 | H295: 6.3635377 | I295: 733035.13 | J295: 0 | M295: 2008 | N295: 3730716.6 | O295: 3481909 | P295: 3754457.7 | Q295: 3601038.4 | R295: 4320099.2 | S295: 4358968.3 | T295: 4639414.6 | U295: 4254048.2 | V295: 1642121.2 | W295: 3450698 | X295: 3823545.4 | Y295: 3184283 | Z295: =SUM(N295:Y295) -> 44241299
A296: 38899 | B296: 155460.46 | C296: 22858948 | D296: 23014408 | E296: 23209962 | F296: 20 | G296: 3725617.5 | H296: 6.5647694 | I296: 1247858 | J296: 0 | M296: 2009 | N296: 3438444.2 | O296: 3579269.6 | P296: 3520944.6 | Q296: 3511917 | R296: 3769963.6 | S296: 3351008.7 | T296: 4357713.7 | U296: 3418958.6 | V296: 3143287.6 | W296: 3296087.8 | X296: 3062273.5 | Y296: 3246835.2 | Z296: =SUM(N296:Y296) -> 41696704
A297: 38930 | B297: 225642.92 | C297: 26598865 | D297: 26824507 | E297: 26827636 | F297: 20 | G297: 3725817.1 | H297: 7.5210422 | I297: 1194391.9 | J297: 0 | M297: 2010 | N297: 3115838.5 | O297: 2709249.6 | P297: 2606749.1 | Q297: 3145341.5 | R297: 3115673 | S297: 3226898.8 | T297: 3603416.7 | U297: 3299601.3 | V297: 3054703.3 | W297: 3151944.4 | X297: 2904288.7 | Y297: 3457136.5 | Z297: =SUM(N297:Y297) -> 37390841
A298: 38961 | B298: 129949.27 | C298: 21169815 | D298: 21299765 | E298: 21300104 | F298: 20 | G298: 3643661.9 | H298: 6.1774165 | I298: 1208313.4 | J298: 0 | M298: 2011 | N298: 3457243.1 | O298: 3223437.2 | P298: 3762696.9 | Q298: 3672049.1 | R298: 3481557.1 | S298: 3352562.5 | T298: 3517719.5 | U298: 3653274.2 | V298: 3283584.1 | W298: 3631482.1 | X298: 3589808.3 | Y298: 3704364.9 | Z298: =SUM(N298:Y298) -> 42329779
A299: 38991 | B299: 113636.09 | C299: 17712158 | D299: 17825794 | E299: 15852558 | F299: 20 | G299: 3724272.3 | H299: 4.5919749 | I299: 1249206.7 | J299: 0 | M299: 2012 | N299: 3617113.5 | O299: 3359105.7 | P299: 3628030.2 | Q299: 3557143.2 | R299: 3600786.7 | S299: 3558328.4 | T299: 3746938.2 | U299: 3227504.5 | V299: 3467157.4 | W299: 3830897.5 | X299: 4019006.1 | Y299: 4127804.5 | Z299: =SUM(N299:Y299) -> 43739816
A300: 39022 | B300: 221056.31 | C300: 25446744 | D300: 25667800 | E300: 25822338 | F300: 20 | G300: 3507277.9 | H300: 7.6944846 | I300: 1164357.8 | J300: 0 | M300: 2013 | N300: 4105230.1 | O300: 3532687.5 | P300: 4020816.8 | Q300: 3533424.9 | R300: 4076019.2 | S300: 3595453 | T300: 3744606.3 | U300: 3614393.4 | V300: 3679296.9 | W300: 3365870.6 | X300: 3308458.4 | Y300: 3481320.3 | Z300: =SUM(N300:Y300) -> 44057578
A301: 39052 | B301: 250051.82 | C301: 27015971 | D301: 27266023 | E301: 26835788 | F301: 20 | G301: 3585457.2 | H301: 7.8085248 | I301: 1161343 | J301: 0 | M301: 2014 | N301: 3194908 | O301: 3019313.2 | P301: 3432112 | Q301: 3363139.4 | R301: 3577997.2 | S301: 3316014.5 | T301: 3039114 | U301: 3439937 | V301: 3397015.3 | W301: 3311869.8 | X301: 3240570.8 | Y301: 3366056.6 | Z301: =SUM(N301:Y301) -> 39698048
A302: 39083 | B302: 175126.47 | C302: 20785200 | D302: 20960326 | E302: 20952969 | F302: 20 | G302: 3431417.7 | H302: 6.424031 | I302: 1090564.7 | J302: 0 | M302: 2015 | N302: 3404761.4 | O302: 2731077.1 | P302: 2990729.1 | Q302: 3039094.2 | R302: 3218635.9 | S302: 3131769.6 | T302: 3093487.4 | U302: 2992774.2 | V302: 2735426.8 | W302: 2846330.9 | X302: 2653020.5 | Y302: 2662992.8 | Z302: =SUM(N302:Y302) -> 35500100
... A309: 39295 | B309: 141149.37 | C309: 22138443 | D309: 22279593 | E309: 22272197 | F309: 20 | G309: 3496860.9 | H309: 6.5871985 | I309: 762319.75 | J309: 0 | M309: 2022 | N309: 3014894.3 | O309: 2754151.3 | P309: 2968063.6 | Q309: 2933593.7 | R309: 2993385.6 | S309: 2978837.6 | T309: 3025635 | U309: 2865428.6 | V309: 3119350 | W309: 3227805.5 | X309: 3144027.7 | Y309: 3000283.4 | Z309: =SUM(N309:Y309) -> 36025456
...
